Workbook
Name \0: #REF!
Name \0: #REF!
Name \0: #REF!
Name \00: #REF!
Name \00: #REF!
Name \00: #REF!
Name \02: #REF!
Name \02: #REF!
Name \02: #REF!
Name \04: #REF!
Name \04: #REF!
Name \04: #REF!
Name \0467: #REF!
Name \0467: #REF!
Name \0467: #REF!
Name \1: #REF!
Name \1: #REF!
Name \1: #REF!
Name \a: #REF!
Name \A: #REF!
Name \a: #REF!
Name \a: #REF!
Name \a: #REF!
Name \a4: #REF!
Name \a4: #REF!
Name \a4: #REF!
Name \a467: #REF!
Name \a467: #REF!
Name \a467: #REF!
Name \AA: #REF!
Name \AA: #REF!
Name \AA: #REF!
Name \b: #REF!
Name \b: #REF!
Name \b: #N/A
Name \b: #REF!
Name \bb: #REF!
Name \bb: #REF!
Name \bb: #REF!
Name \c: #REF!
Name \c: #REF!
Name \c: #REF!
Name \c: #REF!
Name \c: #N/A
Name \d: #REF!
Name \d: #REF!
Name \d: #REF!
Name \d: #REF!
Name \d2: #REF!
Name \d2: #REF!
Name \d2: #REF!
Name \d2: #REF!
Name \d4: #REF!
Name \d4: #REF!
Name \d4: #REF!
Name \d4: #REF!
Name \d467: #REF!
Name \d467: #REF!
Name \d467: #REF!
Name \E: #REF!

Sheet Apu Auxiliar 
A1: 1 | C1: ANALISIS DE PRECIOS UNITARIOS | F1: 0 | K1: v | R1: 0
A2: 2 | C2: =+#REF! -> #REF! | F2: 0 | K2: p | P2: a | Q2: 1 | R2: precios base
A3: 3 | F3: 0 | K3: v | P3: m | Q3: 1
A4: 4 | C4: GESTION Y CONTROL DE PROYECTOS | K4: p | P4: v | Q4: 1
A5: 5 | C5: PRESUPUESTO DE SEPTIEMBRE DE 2021 | F5: 0 | K5: p | P5: p | Q5: 1
A6: 6
A7: 7 | B7: 1.01 | C7: DEMOLICIÓN DE MUROS CERRAMIENTO EN MAMPOSTERÍA E= VARIABLE INC. DOVELAS DE CONFINAMIENTO Y BOTADA DE MATERIAL, ACTUAL PARQUEADERO | G7: Equipo | H7: Material | I7: Gente | J7: Otros
A8: 8 | C8: M.o demolicion muro | D8: 1 | E8: m2 | F8: 3195 | I8: =D8*F8 -> 3195
A9: 9 | C9: M.o transporte interno | D9: =0.15*1.3 -> 0.195 | E9: m3 | F9: 3195 | I9: =D9*F9 -> 623
A10: 10 | C10: Disposicion material sobrante | D10: =0.15*1.3 -> 0.195 | E10: m3 | F10: 14338 | J10: =D10*F10 -> 2796
A11: 11 | C11: Mat.varios de consumo y proteccion | D11: =SUM(I8:I9) -> 3818 | E11: sg | F11: 0 | H11: =D11*F11 -> 0
A12: 12 | C12: Herramienta menor | D12: =SUM(I8:I9) -> 3818 | E12: pesos | F12: 0 | G12: =D12*F12 -> 0
A13: 14 | C13: =" DIRECTO: "&TEXT(SUM(G13:J13),"$0,00") -> DIRECTO: $6,614 | D13: M2 | G13: =SUM(G8:G12) -> 0 | H13: =SUM(H8:H12) -> 0 | I13: =SUM(I8:I12) -> 3818 | J13: =SUM(J8:J12) -> 2796
A14: 15 | J14: =ROUNDUP(SUM(G13:J13),0) -> 6614 | K14: m | P14: =VLOOKUP(K14,$P$2:$Q$5,2,0) -> 1 | AH14: =TRIM(C14)
A15: 16
A16: 17 | B16: 1.02 | C16: DEMOLICIÓN DE PISO e=0.10M INC. BOTADA DE MATERIAL, ACTUAL PARQUEADERO | G16: Equipo | H16: Material | I16: Gente | J16: Otros
A17: 18 | C17: Compresor neum/+operador 1martillo | D17: 0.029 | E17: horas | F17: 43013 | G17: =D17*F17 -> 1247
A18: 19 | C18: M.o demolicion piso concreto | D18: 1 | E18: m2 | F18: 2663 | I18: =D18*F18 -> 2663
A19: 20 | C19: M.o transporte interno | D19: 0.1 | E19: m3 | F19: 3195 | I19: =D19*F19 -> 320
A20: 21 | C20: Disposicion material sobrante | D20: =0.1*1.3 -> 0.13 | E20: m3 | F20: 14338 | J20: =D20*F20 -> 1864
A21: 22 | C21: Mat.varios de consumo y proteccion | D21: =SUM(I18:I19) -> 2983 | E21: sg | F21: 0 | H21: =D21*F21 -> 0
A22: 23 | C22: Herramienta menor | D22: =SUM(I18:I19) -> 2983 | E22: pesos | F22: 0 | G22: =D22*F22 -> 0
A23: 25 | C23: =" DIRECTO: "&TEXT(SUM(G23:J23),"$0,00") -> DIRECTO: $6,094 | D23: M2 | G23: =SUM(G17:G22) -> 1247 | H23: =SUM(H17:H22) -> 0 | I23: =SUM(I17:I22) -> 2983 | J23: =SUM(J17:J22) -> 1864
A24: 26 | J24: =ROUNDUP(SUM(G23:J23),0) -> 6094 | K24: m | P24: =VLOOKUP(K24,$P$2:$Q$5,2,0) -> 1 | AH24: =TRIM(C24)
A25: 27
A26: 28 | B26: 1.03 | C26: DEMOLICIÓN DE PAVIMENTO PARA ACOMETIDAS A=0,60M | G26: Equipo | H26: Material | I26: Gente | J26: Otros
A27: 29 | C27: Compresor neum/+operador 1martillo | D27: 0.02 | E27: horas | F27: 43013 | G27: =D27*F27 -> 860
A28: 30 | C28: M.o demolicion pavimento | D28: 0.6 | E28: m2 | F28: 2663 | I28: =D28*F28 -> 1598
A29: 31 | C29: M.o transporte interno | D29: 0.05 | E29: m3 | F29: 3195 | I29: =D29*F29 -> 160
A30: 32 | C30: Disposicion material sobrante | D30: =0.05*1.3 -> 0.065 | E30: m3 | F30: 14338 | J30: =D30*F30 -> 932
A31: 33 | C31: Mat.varios de consumo y proteccion | D31: =SUM(I28:I29) -> 1758 | E31: sg | F31: 0 | H31: =D31*F31 -> 0
A32: 34 | C32: Herramienta menor | D32: =SUM(I28:I29) -> 1758 | E32: pesos | F32: 0 | G32: =D32*F32 -> 0
A33: 36 | C33: =" DIRECTO: "&TEXT(SUM(G33:J33),"$0,00") -> DIRECTO: $3,550 | D33: ML | G33: =SUM(G27:G32) -> 860 | H33: =SUM(H27:H32) -> 0 | I33: =SUM(I27:I32) -> 1758 | J33: =SUM(J27:J32) -> 932
A34: 37 | J34: =ROUNDUP(SUM(G33:J33),0) -> 3550 | K34: m | P34: =VLOOKUP(K34,$P$2:$Q$5,2,0) -> 1 | AH34: =TRIM(C34)
A35: 38
A36: 39 | B36: 1.04 | C36: DEMOLICIÓN DE ANDEN PARA ACOMETIDA ELECTRICA A=0,60M | G36: Equipo | H36: Material | I36: Gente | J36: Otros
A37: 40 | C37: Compresor neum/+operador 1martillo | D37: 0.02 | E37: horas | F37: 43013 | G37: =D37*F37 -> 860
A38: 41 | C38: M.o demolicion anden | D38: 0.6 | E38: m2 | F38: 2663 | I38: =D38*F38 -> 1598
A39: 42 | C39: M.o transporte interno | D39: =0.6*0.1 -> 0.06 | E39: m3 | F39: 3195 | I39: =D39*F39 -> 192
A40: 43 | C40: Disposicion material sobrante | D40: =0.06*1.3 -> 0.078 | E40: m3 | F40: 14338 | J40: =D40*F40 -> 1118
A41: 44 | C41: Mat.varios de consumo y proteccion | D41: =SUM(I38:I39) -> 1790 | E41: sg | F41: 0 | H41: =D41*F41 -> 0
A42: 45 | C42: Herramienta menor | D42: =SUM(I38:I39) -> 1790 | E42: pesos | F42: 0 | G42: =D42*F42 -> 0
A43: 47 | C43: =" DIRECTO: "&TEXT(SUM(G43:J43),"$0,00") -> DIRECTO: $3,768 | D43: ML | G43: =SUM(G37:G42) -> 860 | H43: =SUM(H37:H42) -> 0 | I43: =SUM(I37:I42) -> 1790 | J43: =SUM(J37:J42) -> 1118
A44: 48 | J44: =ROUNDUP(SUM(G43:J43),0) -> 3768 | K44: m | P44: =VLOOKUP(K44,$P$2:$Q$5,2,0) -> 1 | AH44: =TRIM(C44)
A45: 49
A46: 51 | B46: 1.05 | C46: DEMOLICIÓN DE ELEMENTOS ENTERRADOS EN CONCRETO (ZAPATAS, FUNDACIONES EXISTENTES) | G46: Equipo | H46: Material | I46: Gente | J46: Otros
A47: 52 | C47: Compresor diesel incluye operario | D47: 1 | E47: m3 | F47: =Q47*R47 -> 40716 | I47: =D47*F47 -> 40716 | K47: m | Q47: 1 | R47: =45240*0.9 -> 40716
A48: 53 | C48: M.o transporte interno | D48: 1.3 | E48: m3 | F48: =R48*Q48 -> 2663 | I48: =D48*F48 -> 3462 | K48: a | Q48: 1 | R48: 2663
A49: 54 | C49: Disposicion material sobrante | D49: 1.3 | E49: m3 | F49: =R49*Q49 -> 14825 | J49: =D49*F49 -> 19273 | K49: a | Q49: 1 | R49: 14825
A50: 56 | C50: =CONCATENATE("DIRECTO: $ ",ROUNDUP(SUM($G50:$J50),0)," / ",E50) -> DIRECTO: $ 63451 / m3 | E50: m3 | G50: =SUM(G47:G49) -> 0 | H50: =SUM(H47:H49) -> 0 | I50: =SUM(I47:I49) -> 44178 | J50: =SUM(J47:J49) -> 19273 | K50: p
A51: 57 | F51: 0 | J51: =ROUNDUP(SUM(G50:J50),0) -> 63451
A52: 58 | F52: 0
A53: 59 | B53: 1.06 | C53: RETIRO DE ARBUSTOS H= 2.50M PROMEDIO | G53: Equipo | H53: Material | I53: Gente | J53: Otros
A54: 60 | C54: Motosierra a gasolina con operador | D54: 0.5 | E54: dias | F54: 26000 | G54: =D54*F54 -> 13000
A55: 61 | C55: M.o excavac.mat comun 0-2m | D55: 2 | E55: m3 | F55: 6600 | I55: =D55*F55 -> 13200
A56: 62 | C56: M.o transporte interno | D56: =2*1.3 -> 2.6 | E56: m3 | F56: 3195 | I56: =D56*F56 -> 8307
A57: 63 | C57: Retiro y botada de escombros | D57: =2*1.3 -> 2.6 | E57: m3 | F57: 13920 | J57: =D57*F57 -> 36192
A58: 64 | C58: Herramienta menor | D58: =SUM(I55:I56) -> 21507 | E58: pesos | F58: 0 | G58: =D58*F58 -> 0
A59: 65 | C59: Material de consumo | D59: =SUM(I55:I56) -> 21507 | E59: sg | F59: 0 | H59: =D59*F59 -> 0
A60: 67 | C60: DIRECTO: $ 72805/ UN | G60: =SUM(G54:G59) -> 13000 | H60: =SUM(H54:H59) -> 0 | I60: =SUM(I54:I59) -> 21507 | J60: =SUM(J54:J59) -> 36192
A61: 68 | J61: =ROUNDUP(SUM(G60:J60),0) -> 70699 | K61: m | P61: =VLOOKUP(K61,$P$2:$Q$5,2,0) -> 1 | AH61: =TRIM(C61)
A62: 69
A63: 70 | B63: 1.07 | C63: RETIRO DE PUERTAS GARAJE METALICAS DE ACCESO A PARQUEADERO ACTUAL | G63: Equipo | H63: Material | I63: Gente | J63: Otros
A64: 72 | C64: M.o.desmonte reja metalica >4.0 m2 | D64: 1 | E64: un | F64: 23430 | I64: =D64*F64 -> 23430
A65: 73 | C65: M.o.transporte int reja > 4.00 m2 | D65: 1 | E65: un | F65: 2663 | I65: =D65*F65 -> 2663
A66: 74 | C66: Mat.varios de consumo y proteccion | D66: =SUM(I64:I65) -> 26093 | E66: sg | F66: 0 | H66: =D66*F66 -> 0
A67: 71 | C67: Herramienta menor | D67: =SUM(I64:I65) -> 26093 | E67: pesos | F67: 0 | G67: =D67*F67 -> 0
A68: 76 | C68: =" DIRECTO: "&TEXT(SUM(G68:J68),"$0,00") -> DIRECTO: $26,093 | D68: UN | G68: =SUM(G64:G66) -> 0 | H68: =SUM(H64:H66) -> 0 | I68: =SUM(I64:I66) -> 26093 | J68: =SUM(J64:J66) -> 0
A69: 77 | J69: =ROUNDUP(SUM(G68:J68),0) -> 26093 | K69: m | P69: =VLOOKUP(K69,$P$2:$Q$5,2,0) -> 1 | AH69: =TRIM(C69)
A70: 78
A71: 79 | C71: RETIRO DE CUBIERTA EN ZINC CON COLUMNAS Y CERCHAS PARQUEADERO ACTUAL. INC. BOTADA DE MATERIAL SOBRANTE | G71: Equipo | H71: Material | I71: Gente | J71: Otros
A72: 80 | C72: M.o.desmonte de cubierta inc botada de mat sobrante m2 | D72: 1 | E72: m2 | F72: 2500 | I72: =D72*F72 -> 2500
A73: 81 | C73: =" DIRECTO: "&TEXT(SUM(G73:J73),"$0,00") -> DIRECTO: $2,500 | D73: =E72 -> m2 | G73: =SUM(G72:G72) -> 0 | H73: =SUM(H72:H72) -> 0 | I73: =SUM(I72:I72) -> 2500 | J73: =SUM(J72:J72) -> 0
A74: 82 | J74: =ROUNDUP(SUM(G73:J73),0) -> 2500 | K74: m | P74: =VLOOKUP(K74,$P$2:$Q$5,2,0) -> 1 | AH74: =TRIM(C74)
A75: 83
A76: 84 | C76: RETIRO DE AIRE ACONDICIONADO APARATOS DE VENTANA EN OFICINAS | G76: Equipo | H76: Material | I76: Gente | J76: Otros
A77: 85 | C77: M.o.desmonte equipos aire de ventana | D77: 1 | E77: un | F77: 30000 | I77: =D77*F77 -> 30000
A78: 86 | C78: =" DIRECTO: "&TEXT(SUM(G78:J78),"$0,00") -> DIRECTO: $30,000 | D78: =E77 -> un | G78: =SUM(G77:G77) -> 0 | H78: =SUM(H77:H77) -> 0 | I78: =SUM(I77:I77) -> 30000 | J78: =SUM(J77:J77) -> 0
A79: 87 | J79: =ROUNDUP(SUM(G78:J78),0) -> 30000 | K79: m | P79: =VLOOKUP(K79,$P$2:$Q$5,2,0) -> 1 | AH79: =TRIM(C79)
A80: 45 | K80: m | P80: =VLOOKUP(K80,$P$2:$Q$5,2,0) -> 1 | AA80: =TRIM(C80)
A81: 46 | C81: EXCAVACION A MAQUINA MASIVA EN MATERIAL COMUN PARA TERRACEO (NO INCLUYE BOTADA DE MATERIAL) MEDIDO EN SITIO | G81: Equipo | H81: Material | I81: Gente | J81: Otros | K81: m | P81: =VLOOKUP(K81,$P$2:$Q$5,2,0) -> 1 | AA81: =TRIM(#REF!) -> #REF!
A82: 47 | C82: Subcontrato excavacion masiva no incluye cargue y botada | D82: 1 | E82: m3 | F82: =+P82*R82 -> 3068 | G82: =$D82*$F82 -> 3068 | K82: m | P82: =VLOOKUP(K82,$P$2:$Q$5,2,0) -> 1 | R82: =2900+2900*0.05*1.16 -> 3068 | AA82: =TRIM(C82) -> Subcontrato excavacion masiva no incluye cargue y botada
A83: 48 | C83: M.O. ayudante por administracion | D83: 0.04 | E83: hr | F83: =+P83*R83 -> 4725 | I83: =D83*F83 -> 189 | K83: m | P83: =VLOOKUP(K83,$P$2:$Q$5,2,0) -> 1 | R83: 4725 | AA83: =TRIM(C83) -> M.O. ayudante por administracion
A84: 49 | C84: ="DIRECTO: "&TEXT(ROUNDUP(SUM(G84:J84),0),"$0,00")&" / "&E84 -> DIRECTO: $3,257 / m3 | E84: m3 | G84: =SUM(G82:G83) -> 3068 | H84: =SUM(H82:H83) -> 0 | I84: =SUM(I82:I83) -> 189 | J84: =SUM(J82:J83) -> 0 | K84: m | P84: =VLOOKUP(K84,$P$2:$Q$5,2,0) -> 1 | AA84: =TRIM(C84) -> DIRECTO: $3,257 / m3
A85: 50 | J85: =ROUNDUP(SUM(G84:J84),0) -> 3257 | K85: m | P85: =VLOOKUP(K85,$P$2:$Q$5,2,0) -> 1 | AA85: =TRIM(C85)
A86: 68 | K86: m | P86: =VLOOKUP(K86,$P$2:$Q$5,2,0) -> 1 | AA86: =TRIM(C86)
A87: 70 | C87: EXCAVACION MANUAL PARA FUNDACIONES | G87: Equipo | H87: Material | I87: Gente | J87: Otros | K87: m | P87: =VLOOKUP(K87,$P$2:$Q$5,2,0) -> 1 | AA87: =TRIM(#REF!) -> #REF!
A88: 71 | C88: M.O. excavacion fundaciones | D88: 1 | E88: m3 | F88: =+P88*R88 -> 7410 | I88: =D88*F88 -> 7410 | K88: m | P88: =VLOOKUP(K88,$P$2:$Q$5,2,0) -> 1 | R88: 7410 | AA88: =TRIM(C88) -> M.O. excavacion fundaciones
A89: 72 | C89: M.O. transporte interno material | D89: 1.3 | E89: m3 | F89: =+P89*R89 -> 3000 | I89: =D89*F89 -> 3900 | K89: m | P89: =VLOOKUP(K89,$P$2:$Q$5,2,0) -> 1 | R89: 3000 | AA89: =TRIM(C89) -> M.O. transporte interno material
A90: 73 | C90: Elementos de consumo y proteccion | D90: =SUM(I88:I89) -> 11310 | E90: sg | F90: =+P90*R90 -> 0 | H90: =D90*F90 -> 0 | K90: m | P90: =VLOOKUP(K90,$P$2:$Q$5,2,0) -> 1 | R90: 0 | AA90: =TRIM(C90) -> Elementos de consumo y proteccion
A91: 74 | C91: Herramienta y equipo menor | D91: =SUM(I88:I89) -> 11310 | E91: pesos | F91: =+P91*R91 -> 0 | G91: =D91*F91 -> 0 | K91: m | P91: =VLOOKUP(K91,$P$2:$Q$5,2,0) -> 1 | R91: 0 | AA91: =TRIM(C91) -> Herramienta y equipo menor
A92: 75 | C92: ="DIRECTO: "&TEXT(ROUNDUP(SUM(G92:J92),0),"$0,00")&" / "&E92 -> DIRECTO: $11,310 / m3 | E92: m3 | G92: =SUM(G88:G91) -> 0 | H92: =SUM(H88:H91) -> 0 | I92: =SUM(I88:I91) -> 11310 | J92: =SUM(J88:J91) -> 0 | K92: m | P92: =VLOOKUP(K92,$P$2:$Q$5,2,0) -> 1 | AA92: =TRIM(C92) -> DIRECTO: $11,310 / m3
A93: 76 | J93: =ROUNDUP(SUM(G92:J92),0) -> 11310 | K93: m | P93: =VLOOKUP(K93,$P$2:$Q$5,2,0) -> 1 | AA93: =TRIM(C93)
A95: 106 | B95: 1.13 | C95: LLENO FUNDACIONES CON MATERIAL DE PRESTAMO | G95: Equipo | H95: Material | I95: Gente | J95: Otros | K95: m | P95: =VLOOKUP(K95,$P$2:$Q$5,2,0) -> 1 | AH95: =TRIM(C95) -> LLENO FUNDACIONES CON MATERIAL DE PRESTAMO
A96: 107 | C96: Arenilla | D96: 1.3 | E96: m3 | F96: =$R96*$P96 -> 13750 | H96: =D96*F96 -> 17875 | K96: m | P96: =VLOOKUP(K96,$P$2:$Q$5,2,0) -> 1 | R96: 13750 | AH96: =TRIM(C96) -> Arenilla
A97: 108 | C97: M.O. llenos compactados | D97: 1 | E97: m3 | F97: =$R97*$P97 -> 4890 | I97: =D97*F97 -> 4890 | K97: m | P97: =VLOOKUP(K97,$P$2:$Q$5,2,0) -> 1 | R97: =3850*1.27 -> 4890 | AH97: =TRIM(C97) -> M.O. llenos compactados
A98: 109 | C98: M.O. transp/interno mater/excav<40m | D98: =0.4*1*1.3 -> 0.52 | E98: m3 | F98: =$R98*$P98 -> 3000 | I98: =D98*F98 -> 1560 | K98: m | P98: =VLOOKUP(K98,$P$2:$Q$5,2,0) -> 1 | R98: 3000 | AH98: =TRIM(C98) -> M.O. transp/interno mater/excav<40m
A99: 110 | C99: Vibrocompactador tipo canguro | D99: 0.15 | E99: dias | F99: =$R99*$P99 -> 37700 | G99: =D99*F99 -> 5655 | K99: m | P99: =VLOOKUP(K99,$P$2:$Q$5,2,0) -> 1 | R99: 37700 | AH99: =TRIM(C99) -> Vibrocompactador tipo canguro
A100: 111 | C100: Elementos de consumo y proteccion | D100: =SUM(I97:I98) -> 6450 | E100: sg | F100: =$R100*$P100 -> 0 | H100: =D100*F100 -> 0 | K100: m | P100: 1 | R100: 0 | AH100: =TRIM(C100) -> Elementos de consumo y proteccion
A101: 112 | C101: Herramienta y equipo menor | D101: =SUM(I97:I98) -> 6450 | E101: pesos | F101: =$R101*$P101 -> 0 | G101: =D101*F101 -> 0 | K101: m | P101: =VLOOKUP(K101,$P$2:$Q$5,2,0) -> 1 | R101: 0 | AH101: =TRIM(C101) -> Herramienta y equipo menor
...

Sheet Apu Auxiliares
A1: 1 | C1: ANALISIS DE PRECIOS UNITARIOS | K1: p | L1: a | M1: 1
C2: =+#REF! -> #REF! | L2: c | M2: 1
A3: 2 | F3: 0 | K3: p | L3: m | M3: 1 | N3: 0
A4: 3 | F4: 0 | K4: p | L4: v | M4: 1 | N4: 0
A5: 4 | C5: PRESUPUESTO DE SEPTIEMBRE 2021 | K5: p | L5: p | M5: 1
A6: 6 | K6: p
A7: 7 | C7: ANDAMIOS METALICO TIJERA | G7: Equipo | H7: Material | I7: Gente | J7: Otros | K7: v
A8: 8 | C8: Andamio 1.5*1.2 de tijera (2 cuerpos) | D8: 1 | E8: dia | F8: =+L8*N8 -> 510 | G8: =D8*F8 -> 510 | K8: v | L8: =VLOOKUP(K8,$L$1:$M$5,2,0) -> 1 | N8: 510
A9: 9 | C9: M.O. armada y desarmada andamios | D9: 0.14 | E9: cuerp | F9: =+L9*N9 -> 1980 | I9: =D9*F9 -> 277 | K9: v | L9: =VLOOKUP(K9,$L$1:$M$5,2,0) -> 1 | N9: 1980
A10: 10 | C10: Tabla comun | D10: 0.5 | E10: dias | F10: =+L10*N10 -> 128 | G10: =D10*F10 -> 64 | K10: v | L10: =VLOOKUP(K10,$L$1:$M$5,2,0) -> 1 | N10: =110*1.16 -> 128
A11: 11 | C11: ="DIRECTO: "&TEXT(ROUNDUP(SUM(G11:J11),0),"$0,00")&" / "&E11 -> DIRECTO: $851 / dias | E11: dias | G11: =SUM(G8:G10) -> 574 | H11: =SUM(H8:H10) -> 0 | I11: =SUM(I8:I10) -> 277 | J11: =SUM(J8:J10) -> 0 | K11: v | L11: =VLOOKUP(K11,$L$1:$M$5,2,0) -> 1
A12: 12 | J12: =ROUNDUP(SUM(G11:J11),0) -> 851 | K12: v | L12: =VLOOKUP(K12,$L$1:$M$5,2,0) -> 1
A13: 13 | K13: v | L13: =VLOOKUP(K13,$L$1:$M$5,2,0) -> 1
A14: 65 | C14: AUX CONCRETO 1500 PSI -OBRA- 3/4" | G14: Equipo | H14: Material | I14: Gente | J14: Otros | K14: v | L14: =VLOOKUP(K14,$L$1:$M$5,2,0) -> 1
A15: 66 | C15: Cemento gris | D15: =230/50 -> 4.6 | E15: bulto | F15: =+L15*N15 -> 12000 | H15: =D15*F15 -> 55200 | K15: v | L15: =VLOOKUP(K15,$L$1:$M$5,2,0) -> 1 | N15: 12000
A16: 67 | C16: Arena concreto | D16: 0.56 | E16: m3 | F16: =+L16*N16 -> 33490 | H16: =D16*F16 -> 18754 | K16: v | L16: =VLOOKUP(K16,$L$1:$M$5,2,0) -> 1 | N16: 33490
A17: 68 | C17: Triturado 3/4 | D17: 1 | E17: m3 | F17: =+L17*N17 -> 36670 | H17: =D17*F17 -> 36670 | K17: v | L17: =VLOOKUP(K17,$L$1:$M$5,2,0) -> 1 | N17: 36670
A18: 69 | C18: M.O. preparacion concreto/maq s/ope | D18: 1 | E18: m3 | F18: =+L18*N18 -> 4500 | I18: =D18*F18 -> 4500 | K18: v | L18: =VLOOKUP(K18,$L$1:$M$5,2,0) -> 1 | N18: 4500
A19: 70 | C19: M.O. transporte interno cemento | D19: =D15 -> 4.6 | E19: bulto | F19: =+L19*N19 -> 92 | I19: =D19*F19 -> 423 | K19: v | L19: =VLOOKUP(K19,$L$1:$M$5,2,0) -> 1 | N19: 92
A20: 71 | C20: M.O. descargue cemento | D20: =D15 -> 4.6 | E20: bulto | F20: =+L20*N20 -> 105 | I20: =D20*F20 -> 483 | K20: v | L20: =VLOOKUP(K20,$L$1:$M$5,2,0) -> 1 | N20: 105
A21: 73 | C21: M.O. operario concretadora | D21: 1 | E21: m3 | F21: =+L21*N21 -> 2800 | I21: =D21*F21 -> 2800 | K21: v | L21: =VLOOKUP(K21,$L$1:$M$5,2,0) -> 1 | N21: 2800
A22: 72 | C22: Concretadora obra | D22: 0.06 | E22: dia | F22: =+L22*N22 -> 37900 | G22: =D22*F22 -> 2274 | K22: v | L22: =VLOOKUP(K22,$L$1:$M$5,2,0) -> 1 | N22: 37900
A23: 74 | C23: Vibrador | D23: 0.3 | E23: m3 | F23: =+L23*N23 -> 22040 | G23: =D23*F23 -> 6612 | K23: v | L23: =VLOOKUP(K23,$L$1:$M$5,2,0) -> 1 | N23: 22040
A24: 75 | C24: Coches de llantas | D24: 0.3 | E24: m3 | F24: =+L24*N24 -> 1200 | G24: =D24*F24 -> 360 | K24: v | L24: =VLOOKUP(K24,$L$1:$M$5,2,0) -> 1 | N24: 1200
A25: 76 | C25: Bascula 500 kg | D25: 0.3 | E25: m3 | F25: =+L25*N25 -> 1426 | G25: =D25*F25 -> 428 | K25: v | L25: =VLOOKUP(K25,$L$1:$M$5,2,0) -> 1 | N25: 1426
A26: 77 | C26: Elementos adicionales pre/concret0 | D26: 1 | E26: m3 | F26: =+L26*N26 -> 552 | H26: =D26*F26 -> 552 | K26: v | L26: =VLOOKUP(K26,$L$1:$M$5,2,0) -> 1 | N26: 552
A27: 78 | C27: Herramienta y equipo menor | D27: =SUM(I18:I21) -> 8206 | E27: pesos | F27: =+L27*N27 -> 0 | G27: =D27*F27 -> 0 | K27: v | L27: =VLOOKUP(K27,$L$1:$M$5,2,0) -> 1 | N27: 0
A28: 80 | C28: ="DIRECTO: "&TEXT(ROUNDUP(SUM(G28:J28),0),"$0,00")&" / "&E28 -> DIRECTO: $129,056 / m3 | E28: m3 | G28: =SUM(G15:G27) -> 9674 | H28: =SUM(H15:H27) -> 111176 | I28: =SUM(I15:I27) -> 8206 | J28: =SUM(J15:J27) -> 0 | K28: v | L28: =VLOOKUP(K28,$L$1:$M$5,2,0) -> 1
A29: 81 | J29: =ROUNDUP(SUM(G28:J28),0) -> 129056 | K29: v | L29: =VLOOKUP(K29,$L$1:$M$5,2,0) -> 1
A30: 82 | K30: v | L30: =VLOOKUP(K30,$L$1:$M$5,2,0) -> 1
A31: 65 | C31: AUX CONCRETO 2000 PSI -OBRA- 3/4" | G31: Equipo | H31: Material | I31: Gente | J31: Otros | K31: v | L31: =VLOOKUP(K31,$L$1:$M$5,2,0) -> 1
A32: 66 | C32: Cemento gris | D32: 5.2 | E32: bulto | F32: =+L32*N32 -> 12000 | H32: =D32*F32 -> 62400 | K32: v | L32: =VLOOKUP(K32,$L$1:$M$5,2,0) -> 1 | N32: 12000
A33: 67 | C33: Arena concreto | D33: 0.63 | E33: m3 | F33: =+L33*N33 -> 33490 | H33: =D33*F33 -> 21099 | K33: v | L33: =VLOOKUP(K33,$L$1:$M$5,2,0) -> 1 | N33: 33490
A34: 68 | C34: Triturado 3/4 | D34: 0.835 | E34: m3 | F34: =+L34*N34 -> 36670 | H34: =D34*F34 -> 30619 | K34: v | L34: =VLOOKUP(K34,$L$1:$M$5,2,0) -> 1 | N34: 36670
A35: 69 | C35: M.O. preparacion concreto/maq s/ope | D35: 1 | E35: m3 | F35: =+L35*N35 -> 4500 | I35: =D35*F35 -> 4500 | K35: v | L35: =VLOOKUP(K35,$L$1:$M$5,2,0) -> 1 | N35: 4500
A36: 70 | C36: M.O. transporte interno cemento | D36: =D32 -> 5.2 | E36: bulto | F36: =+L36*N36 -> 92 | I36: =D36*F36 -> 478 | K36: v | L36: =VLOOKUP(K36,$L$1:$M$5,2,0) -> 1 | N36: 92
A37: 71 | C37: M.O. descargue cemento | D37: =D32 -> 5.2 | E37: bulto | F37: =+L37*N37 -> 105 | I37: =D37*F37 -> 546 | K37: v | L37: =VLOOKUP(K37,$L$1:$M$5,2,0) -> 1 | N37: 105
A38: 73 | C38: M.O. operario concretadora | D38: 1 | E38: m3 | F38: =+L38*N38 -> 2800 | I38: =D38*F38 -> 2800 | K38: v | L38: =VLOOKUP(K38,$L$1:$M$5,2,0) -> 1 | N38: 2800
A39: 72 | C39: Concretadora obra | D39: 0.06 | E39: dia | F39: =+L39*N39 -> 37900 | G39: =D39*F39 -> 2274 | K39: v | L39: =VLOOKUP(K39,$L$1:$M$5,2,0) -> 1 | N39: 37900
A40: 74 | C40: Vibrador | D40: 0.3 | E40: m3 | F40: =+L40*N40 -> 22040 | G40: =D40*F40 -> 6612 | K40: v | L40: =VLOOKUP(K40,$L$1:$M$5,2,0) -> 1 | N40: 22040
A41: 75 | C41: Coches de llantas | D41: 0.3 | E41: m3 | F41: =+L41*N41 -> 1200 | G41: =D41*F41 -> 360 | K41: v | L41: =VLOOKUP(K41,$L$1:$M$5,2,0) -> 1 | N41: 1200
A42: 76 | C42: Bascula 500 kg | D42: 0.3 | E42: m3 | F42: =+L42*N42 -> 1426 | G42: =D42*F42 -> 428 | K42: v | L42: =VLOOKUP(K42,$L$1:$M$5,2,0) -> 1 | N42: 1426
A43: 77 | C43: Elementos adicionales pre/concret0 | D43: 1 | E43: m3 | F43: =+L43*N43 -> 552 | H43: =D43*F43 -> 552 | K43: v | L43: =VLOOKUP(K43,$L$1:$M$5,2,0) -> 1 | N43: 552
A44: 78 | C44: Herramienta y equipo menor | D44: =SUM(I35:I38) -> 8324 | E44: pesos | F44: =+L44*N44 -> 0 | G44: =D44*F44 -> 0 | K44: v | L44: =VLOOKUP(K44,$L$1:$M$5,2,0) -> 1 | N44: 0
A45: 80 | C45: ="DIRECTO: "&TEXT(ROUNDUP(SUM(G45:J45),0),"$0,00")&" / "&E45 -> DIRECTO: $132,668 / m3 | E45: m3 | G45: =SUM(G32:G44) -> 9674 | H45: =SUM(H32:H44) -> 114670 | I45: =SUM(I32:I44) -> 8324 | J45: =SUM(J32:J44) -> 0 | K45: v | L45: =VLOOKUP(K45,$L$1:$M$5,2,0) -> 1
A46: 81 | J46: =ROUNDUP(SUM(G45:J45),0) -> 132668 | K46: v | L46: =VLOOKUP(K46,$L$1:$M$5,2,0) -> 1
A47: 82 | K47: v | L47: =VLOOKUP(K47,$L$1:$M$5,2,0) -> 1
A48: 65 | C48: AUX CONCRETO 3000 PSI -OBRA- 3/4" | G48: Equipo | H48: Material | I48: Gente | J48: Otros | K48: v | L48: =VLOOKUP(K48,$L$1:$M$5,2,0) -> 1
A49: 66 | C49: Cemento gris | D49: 7.5 | E49: bulto | F49: =+L49*N49 -> 12000 | H49: =D49*F49 -> 90000 | K49: v | L49: =VLOOKUP(K49,$L$1:$M$5,2,0) -> 1 | N49: 12000
A50: 67 | C50: Arena concreto | D50: 0.63 | E50: m3 | F50: =+L50*N50 -> 33490 | H50: =D50*F50 -> 21099 | K50: v | L50: =VLOOKUP(K50,$L$1:$M$5,2,0) -> 1 | N50: 33490
A51: 68 | C51: Triturado 3/4 | D51: 0.735 | E51: m3 | F51: =+L51*N51 -> 36670 | H51: =D51*F51 -> 26952 | K51: v | L51: =VLOOKUP(K51,$L$1:$M$5,2,0) -> 1 | N51: 36670
A52: 69 | C52: M.O. preparacion concreto/maq s/ope | D52: 1 | E52: m3 | F52: =+L52*N52 -> 4500 | I52: =D52*F52 -> 4500 | K52: v | L52: =VLOOKUP(K52,$L$1:$M$5,2,0) -> 1 | N52: 4500
A53: 70 | C53: M.O. transporte interno cemento | D53: =D49 -> 7.5 | E53: bulto | F53: =+L53*N53 -> 92 | I53: =D53*F53 -> 690 | K53: v | L53: =VLOOKUP(K53,$L$1:$M$5,2,0) -> 1 | N53: 92
A54: 71 | C54: M.O. descargue cemento | D54: =D49 -> 7.5 | E54: bulto | F54: =+L54*N54 -> 105 | I54: =D54*F54 -> 788 | K54: v | L54: =VLOOKUP(K54,$L$1:$M$5,2,0) -> 1 | N54: 105
A55: 73 | C55: M.O. operario concretadora | D55: 1 | E55: m3 | F55: =+L55*N55 -> 2800 | I55: =D55*F55 -> 2800 | K55: v | L55: =VLOOKUP(K55,$L$1:$M$5,2,0) -> 1 | N55: 2800
A56: 72 | C56: Concretadora obra | D56: 0.06 | E56: dia | F56: =+L56*N56 -> 37900 | G56: =D56*F56 -> 2274 | K56: v | L56: =VLOOKUP(K56,$L$1:$M$5,2,0) -> 1 | N56: 37900
A57: 74 | C57: Vibrador | D57: 0.3 | E57: m3 | F57: =+L57*N57 -> 22040 | G57: =D57*F57 -> 6612 | K57: v | L57: =VLOOKUP(K57,$L$1:$M$5,2,0) -> 1 | N57: 22040
A58: 75 | C58: Coches de llantas | D58: 0.3 | E58: m3 | F58: =+L58*N58 -> 1200 | G58: =D58*F58 -> 360 | K58: v | L58: =VLOOKUP(K58,$L$1:$M$5,2,0) -> 1 | N58: 1200
A59: 76 | C59: Bascula 500 kg | D59: 0.3 | E59: m3 | F59: =+L59*N59 -> 1426 | G59: =D59*F59 -> 428 | K59: v | L59: =VLOOKUP(K59,$L$1:$M$5,2,0) -> 1 | N59: 1426
A60: 77 | C60: Elementos adicionales pre/concret0 | D60: 1 | E60: m3 | F60: =+L60*N60 -> 552 | H60: =D60*F60 -> 552 | K60: v | L60: =VLOOKUP(K60,$L$1:$M$5,2,0) -> 1 | N60: 552
A61: 78 | C61: Herramienta y equipo menor | D61: =SUM(I52:I55) -> 8778 | E61: pesos | F61: =+L61*N61 -> 0 | G61: =D61*F61 -> 0 | K61: v | L61: =VLOOKUP(K61,$L$1:$M$5,2,0) -> 1 | N61: 0
A62: 80 | C62: ="DIRECTO: "&TEXT(ROUNDUP(SUM(G62:J62),0),"$0,00")&" / "&E62 -> DIRECTO: $157,055 / m3 | E62: m3 | G62: =SUM(G49:G61) -> 9674 | H62: =SUM(H49:H61) -> 138603 | I62: =SUM(I49:I61) -> 8778 | J62: =SUM(J49:J61) -> 0 | K62: v | L62: =VLOOKUP(K62,$L$1:$M$5,2,0) -> 1
A63: 81 | J63: =ROUNDUP(SUM(G62:J62),0) -> 157055 | K63: v | L63: =VLOOKUP(K63,$L$1:$M$5,2,0) -> 1
A64: 82 | K64: v | L64: =VLOOKUP(K64,$L$1:$M$5,2,0) -> 1
A65: 65 | C65: AUX CONCRETO 4000 PSI -OBRA- 3/4" | G65: Equipo | H65: Material | I65: Gente | J65: Otros | K65: v | L65: =VLOOKUP(K65,$L$1:$M$5,2,0) -> 1
A66: 66 | C66: Cemento gris | D66: 8.5 | E66: bulto | F66: =+L66*N66 -> 12000 | H66: =D66*F66 -> 102000 | K66: v | L66: =VLOOKUP(K66,$L$1:$M$5,2,0) -> 1 | N66: 12000
A67: 67 | C67: Arena concreto | D67: 0.63 | E67: m3 | F67: =+L67*N67 -> 33490 | H67: =D67*F67 -> 21099 | K67: v | L67: =VLOOKUP(K67,$L$1:$M$5,2,0) -> 1 | N67: 33490
A68: 68 | C68: Triturado 3/4 | D68: 0.67 | E68: m3 | F68: =+L68*N68 -> 36670 | H68: =D68*F68 -> 24569 | K68: v | L68: =VLOOKUP(K68,$L$1:$M$5,2,0) -> 1 | N68: 36670
A69: 69 | C69: M.O. preparacion concreto/maq s/ope | D69: 1 | E69: m3 | F69: =+L69*N69 -> 4500 | I69: =D69*F69 -> 4500 | K69: v | L69: =VLOOKUP(K69,$L$1:$M$5,2,0) -> 1 | N69: 4500
A70: 70 | C70: M.O. transporte interno cemento | D70: =D66 -> 8.5 | E70: bulto | F70: =+L70*N70 -> 92 | I70: =D70*F70 -> 782 | K70: v | L70: =VLOOKUP(K70,$L$1:$M$5,2,0) -> 1 | N70: 92
A71: 71 | C71: M.O. descargue cemento | D71: =D66 -> 8.5 | E71: bulto | F71: =+L71*N71 -> 105 | I71: =D71*F71 -> 893 | K71: v | L71: =VLOOKUP(K71,$L$1:$M$5,2,0) -> 1 | N71: 105
A72: 73 | C72: M.O. operario concretadora | D72: 1 | E72: m3 | F72: =+L72*N72 -> 2800 | I72: =D72*F72 -> 2800 | K72: v | L72: =VLOOKUP(K72,$L$1:$M$5,2,0) -> 1 | N72: 2800
A73: 72 | C73: Concretadora obra | D73: 0.06 | E73: dia | F73: =+L73*N73 -> 37900 | G73: =D73*F73 -> 2274 | K73: v | L73: =VLOOKUP(K73,$L$1:$M$5,2,0) -> 1 | N73: 37900
A74: 74 | C74: Vibrador | D74: 0.3 | E74: m3 | F74: =+L74*N74 -> 22040 | G74: =D74*F74 -> 6612 | K74: v | L74: =VLOOKUP(K74,$L$1:$M$5,2,0) -> 1 | N74: 22040
A75: 75 | C75: Coches de llantas | D75: 0.3 | E75: m3 | F75: =+L75*N75 -> 1200 | G75: =D75*F75 -> 360 | K75: v | L75: =VLOOKUP(K75,$L$1:$M$5,2,0) -> 1 | N75: 1200
A76: 76 | C76: Bascula 500 kg | D76: 0.3 | E76: m3 | F76: =+L76*N76 -> 1426 | G76: =D76*F76 -> 428 | K76: v | L76: =VLOOKUP(K76,$L$1:$M$5,2,0) -> 1 | N76: 1426
A77: 77 | C77: Elementos adicionales pre/concret0 | D77: 1 | E77: m3 | F77: =+L77*N77 -> 552 | H77: =D77*F77 -> 552 | K77: v | L77: =VLOOKUP(K77,$L$1:$M$5,2,0) -> 1 | N77: 552
A78: 78 | C78: Herramienta y equipo menor | D78: =SUM(I69:I72) -> 8975 | E78: pesos | F78: =+L78*N78 -> 0 | G78: =D78*F78 -> 0 | K78: v | L78: =VLOOKUP(K78,$L$1:$M$5,2,0) -> 1 | N78: 0
A79: 80 | C79: ="DIRECTO: "&TEXT(ROUNDUP(SUM(G79:J79),0),"$0,00")&" / "&E79 -> DIRECTO: $166,869 / m3 | E79: m3 | G79: =SUM(G66:G78) -> 9674 | H79: =SUM(H66:H78) -> 148220 | I79: =SUM(I66:I78) -> 8975 | J79: =SUM(J66:J78) -> 0 | K79: v | L79: =VLOOKUP(K79,$L$1:$M$5,2,0) -> 1
A80: 81 | J80: =ROUNDUP(SUM(G79:J79),0) -> 166869 | K80: v | L80: =VLOOKUP(K80,$L$1:$M$5,2,0) -> 1
A81: 82 | K81: v | L81: =VLOOKUP(K81,$L$1:$M$5,2,0) -> 1
A82: 65 | C82: AUX CONCRETO 3000 PSI -OBRA- 3/8" | G82: Equipo | H82: Material | I82: Gente | J82: Otros | K82: v | L82: =VLOOKUP(K82,$L$1:$M$5,2,0) -> 1
A83: 66 | C83: Cemento gris | D83: 9 | E83: bulto | F83: =+L83*N83 -> 12000 | H83: =D83*F83 -> 108000 | K83: v | L83: =VLOOKUP(K83,$L$1:$M$5,2,0) -> 1 | N83: 12000
A84: 67 | C84: Arena concreto | D84: 0.66 | E84: m3 | F84: =+L84*N84 -> 33490 | H84: =D84*F84 -> 22103 | K84: v | L84: =VLOOKUP(K84,$L$1:$M$5,2,0) -> 1 | N84: 33490
A85: 68 | C85: Triturado 3/8 | D85: 0.75 | E85: m3 | F85: =+L85*N85 -> 36670 | H85: =D85*F85 -> 27503 | K85: v | L85: =VLOOKUP(K85,$L$1:$M$5,2,0) -> 1 | N85: 36670
A86: 69 | C86: M.O. preparacion concreto/maq s/ope | D86: 1 | E86: m3 | F86: =+L86*N86 -> 4500 | I86: =D86*F86 -> 4500 | K86: v | L86: =VLOOKUP(K86,$L$1:$M$5,2,0) -> 1 | N86: 4500
A87: 70 | C87: M.O. transporte interno cemento | D87: =D83 -> 9 | E87: bulto | F87: =+L87*N87 -> 92 | I87: =D87*F87 -> 828 | K87: v | L87: =VLOOKUP(K87,$L$1:$M$5,2,0) -> 1 | N87: 92
A88: 71 | C88: M.O. descargue cemento | D88: =D83 -> 9 | E88: bulto | F88: =+L88*N88 -> 105 | I88: =D88*F88 -> 945 | K88: v | L88: =VLOOKUP(K88,$L$1:$M$5,2,0) -> 1 | N88: 105
A89: 73 | C89: M.O. operario concretadora | D89: 1 | E89: m3 | F89: =+L89*N89 -> 2800 | I89: =D89*F89 -> 2800 | K89: v | L89: =VLOOKUP(K89,$L$1:$M$5,2,0) -> 1 | N89: 2800
A90: 72 | C90: Concretadora obra | D90: 0.06 | E90: dia | F90: =+L90*N90 -> 37900 | G90: =D90*F90 -> 2274 | K90: v | L90: =VLOOKUP(K90,$L$1:$M$5,2,0) -> 1 | N90: 37900
A91: 74 | C91: Vibrador | D91: 0.3 | E91: m3 | F91: =+L91*N91 -> 22040 | G91: =D91*F91 -> 6612 | K91: v | L91: =VLOOKUP(K91,$L$1:$M$5,2,0) -> 1 | N91: 22040
A92: 75 | C92: Coches de llantas | D92: 0.3 | E92: m3 | F92: =+L92*N92 -> 1200 | G92: =D92*F92 -> 360 | K92: v | L92: =VLOOKUP(K92,$L$1:$M$5,2,0) -> 1 | N92: 1200
A93: 76 | C93: Bascula 500 kg | D93: 0.3 | E93: m3 | F93: =+L93*N93 -> 1426 | G93: =D93*F93 -> 428 | K93: v | L93: =VLOOKUP(K93,$L$1:$M$5,2,0) -> 1 | N93: 1426
A94: 77 | C94: Elementos adicionales pre/concret0 | D94: 1 | E94: m3 | F94: =+L94*N94 -> 552 | H94: =D94*F94 -> 552 | K94: v | L94: =VLOOKUP(K94,$L$1:$M$5,2,0) -> 1 | N94: 552
A95: 78 | C95: Herramienta y equipo menor | D95: =SUM(I86:I89) -> 9073 | E95: pesos | F95: =+L95*N95 -> 0 | G95: =D95*F95 -> 0 | K95: v | L95: =VLOOKUP(K95,$L$1:$M$5,2,0) -> 1 | N95: 0
A96: 80 | C96: ="DIRECTO: "&TEXT(ROUNDUP(SUM(G96:J96),0),"$0,00")&" / "&E96 -> DIRECTO: $176,905 / m3 | E96: m3 | G96: =SUM(G83:G95) -> 9674 | H96: =SUM(H83:H95) -> 158158 | I96: =SUM(I83:I95) -> 9073 | J96: =SUM(J83:J95) -> 0 | K96: v | L96: =VLOOKUP(K96,$L$1:$M$5,2,0) -> 1
A97: 81 | J97: =ROUNDUP(SUM(G96:J96),0) -> 176905 | K97: v | L97: =VLOOKUP(K97,$L$1:$M$5,2,0) -> 1
A98: 82 | K98: v | L98: =VLOOKUP(K98,$L$1:$M$5,2,0) -> 1
A99: 151 | C99: AUX CURADO CONCRETO | G99: Equipo | H99: Material | I99: Gente | J99: Otros | K99: v | L99: =VLOOKUP(K99,$L$1:$M$5,2,0) -> 1
A100: 152 | C100: Antisol bco. curador 20 k o equivalente | D100: 0.12 | E100: kg | F100: =+L100*N100 -> 5185 | H100: =D100*F100 -> 622 | K100: v | L100: =VLOOKUP(K100,$L$1:$M$5,2,0) -> 1 | N100: 5185
...

Sheet Lista materiales 
A5: EQUIPO | B5: UNIDAD | C5: VALOR | D5: RENDIMIENTO
A6: Cerchas | B6: Glb | C6: 3000 | D6: 1
A7: Compactador rana | B7: HM | C7: 7500 | D7: 5
A8: Extractor de aire y/o ventilador | B8: Dia | C8: 60000 | D8: 8
A9: Formaleta | B9: M.2 | C9: 13716 | D9: 0.25
A10: Formaleta metalica | B10: M.2 | C10: 18000 | D10: 0.1
A11: Parales | B11: Glb | C11: 1500 | D11: 1
A12: Parales | B12: Glb | C12: 3000 | D12: 1
A13: Tablones | B13: Glb | C13: 2500 | D13: 1
A14: Vibrador de concreto - electrico | B14: HM | C14: 7500 | D14: 6
A20: MATERIALES | B20: UNIDAD | C20: VALOR
A21: ACERO 4200 Kg/cm2 | B21: kg | C21: 4500
A22: ALAMBRE NEGRO Nro. 18 | B22: kg | C22: 2900
A23: Aligeramiento | B23: m2 | C23: 9000
A24: Base granular 3/4" | B24: m3 | C24: 92000
A25: Buje 4" x 6" presión | B25: Und | C25: 148957
A26: Caretas filtro | B26: Und | C26: 72680
A27: Cinta pvc V-15 | B27: ml | C27: 32294
A28: Codo 4" presion | B28: Und | C28: 118900
A29: Codo 45" presion 2" gran radio | B29: Und | C29: 21345
A30: Codo galvanizado 4" | B30: Und | C30: 83900
A31: Concreto 2500 psi | B31: m3 | C31: 485429
A32: Concreto 3000 psi | B32: m3 | C32: 524138
... A66: Varilla 3/8" | B66: kg | C66: 4992
A71: 0 | B71: 0 | C71: 0
A72: TRANSPORTE | B72: VOL - PESO - CANT. | C72: DISTANCIA | D72: M3 - KM | E72: TARIFA | F72: VALOR UNITARIO
A73: Base granular 3/4" | B73: 1 | C73: 26 | D73: 26 | E73: 850 | F73: 22100
A74: Material sobrante | B74: 1.3 | C74: 6 | D74: 7.8 | E74: 3250 | F74: 25350

Sheet MEMORIA
A3: =+PTTO!A1 -> CONSTRUCCIÓN DE OBRAS COMPLEMENTARIAS PARA LA PUESTA EN FUNCIONAMIENTO DE LA SEDE ADMINISTRATIVA DE LA SECRETARÍA DE TRÁNSITO Y TRANSPORTE DEL MUNICIPIO DE SAN MARTÍN, CESAR
A6: 1.1 | B6: #REF! | F6: UNIDAD | G6: #REF!
A8: ELEMENTO | C8: LONGITUD | D8: ANCHO | E8: ESPESOR | F8: CANTIDAD | G8: VOLUMEN
C9: m | D9: m | E9: m
A10: LOTE | C10: 16 | D10: 15.5 | F10: 1 | G10: =+C10*D10 -> 248
G13: =SUM(G10:G12) -> 248
A15: 1.2 | B15: #REF! | F15: UNIDAD | G15: M3
A17: ELEMENTO | C17: AREA | E17: LONGITUD | F17: CANTIDAD | G17: TOTAL
C18: LARGO | D18: ANCHO | E18: m
A19: desmontes varios | C19: 16 | D19: 8.25 | F19: 1 | G19: =+C19*D19 -> 132
G22: =SUM(G19:G21) -> 132
A24: #REF! | B24: #REF! | F24: UNIDAD | G24: M3
A26: ELEMENTO | C26: LONGITUD | D26: ANCHO | E26: ESPESOR | F26: CANTIDAD | G26: TOTAL
C27: m | D27: m | E27: m
A28: primer piso | C28: 16 | D28: 8.25 | G28: =+C28*D28 -> 132
A29: segundo piso | C29: 16 | D29: 8.25 | G29: =+C29*D29 -> 132
G32: =SUM(G28:G31) -> 264
A35: #REF! | B35: #REF! | F35: UNIDAD | G35: UND
A37: ELEMENTO | C37: LONGITUD | D37: ANCHO | E37: ESPESOR | F37: CANTIDAD | G37: TOTAL
C38: m | D38: m | E38: m
A39: zapatas 1x1 | C39: 1 | D39: 1 | E39: 1 | F39: 13 | G39: =+C39*D39*E39*F39 -> 13
A40: zapatas 1,8x1,8 | C40: 1.8 | D40: 1.8 | E40: 1 | F40: 2 | G40: =+C40*D40*E40*F40 -> 6.48
A41: vigas de amarre cimentacion 40x40
A42: Eje 1 | C42: 15.4 | D42: 0.4 | E42: 0.4 | F42: 1 | G42: =+C42*D42*E42*F42 -> 2.46
A43: Eje 2 | C43: 15.4 | D43: 0.4 | E43: 0.4 | F43: 1 | G43: =+C43*D43*E43*F43 -> 2.46
A44: Eje 3 | C44: 15.4 | D44: 0.4 | E44: 0.4 | F44: 1 | G44: =+C44*D44*E44*F44 -> 2.46
A45: Eje 4 | C45: 15.4 | D45: 0.4 | E45: 0.4 | F45: 1 | G45: =+C45*D45*E45*F45 -> 2.46
A46: varios sueltos | C46: 4.67 | D46: 0.4 | E46: 0.4 | F46: 1 | G46: =+C46*D46*E46*F46 -> 0.75
A47: varios sueltos | C47: 2.14 | D47: 0.4 | E47: 0.4 | F47: 1 | G47: =+C47*D47*E47*F47 -> 0.34
A48: Eje A | C48: 16.2 | D48: 0.4 | E48: 0.4 | F48: 1 | G48: =+C48*D48*E48*F48 -> 2.59
A49: Eje B | C49: 16.2 | D49: 0.4 | E49: 0.4 | F49: 1 | G49: =+C49*D49*E49*F49 -> 2.59
A50: Eje C | C50: 16.2 | D50: 0.4 | E50: 0.4 | F50: 1 | G50: =+C50*D50*E50*F50 -> 2.59
A51: Eje D | C51: 16.2 | D51: 0.4 | E51: 0.4 | F51: 1 | G51: =+C51*D51*E51*F51 -> 2.59
A52: Varios sueltos | C52: 2.19 | D52: 0.4 | E52: 0.4 | F52: 2 | G52: =+C52*D52*E52*F52 -> 0.7
A53: Varios sueltos | C53: 1.55 | D53: 0.4 | E53: 0.4 | F53: 1 | G53: =+C53*D53*E53*F53 -> 0.25
G54: =SUM(G39:G53) -> 41.72
A58: #REF! | B58: #REF! | F58: UNIDAD | G58: #REF!
A60: ELEMENTO | C60: LONGITUD | D60: ANCHO | E60: ESPESOR | F60: CANTIDAD | G60: TOTAL
C61: m | D61: m | E61: m
A62: relleno | C62: 16 | D62: 16.3 | E62: 0.2 | F62: 1 | G62: =(C62*D62*E62)*F62 -> 52.16
G67: =SUM(G62:G66) -> 52.16
A69: #REF! | B69: #REF! | F69: UNIDAD | G69: #REF!
A71: ELEMENTO | C71: LONGITUD | D71: ANCHO | E71: ESPESOR | F71: CANTIDAD | G71: TOTAL
C72: m | D72: m | E72: m
A73: zapatas 1x1 | C73: 1 | D73: 1 | E73: 0.05 | F73: 13 | G73: =+C73*D73*E73*F73 -> 0.65
A74: zapatas 1,8x1,8 | C74: 1.8 | D74: 1.8 | E74: 0.05 | F74: 2 | G74: =+C74*D74*E74*F74 -> 0.32
A75: vigas de amarre cimentacion 40x40
A76: Eje 1 | C76: 15.4 | D76: 0.4 | E76: 0.05 | F76: 1 | G76: =+C76*D76*E76*F76 -> 0.31
A77: Eje 2 | C77: 15.4 | D77: 0.4 | E77: 0.05 | F77: 1 | G77: =+C77*D77*E77*F77 -> 0.31
A78: Eje 3 | C78: 15.4 | D78: 0.4 | E78: 0.05 | F78: 1 | G78: =+C78*D78*E78*F78 -> 0.31
A79: Eje 4 | C79: 15.4 | D79: 0.4 | E79: 0.05 | F79: 1 | G79: =+C79*D79*E79*F79 -> 0.31
A80: varios sueltos | C80: 4.67 | D80: 0.4 | E80: 0.05 | F80: 1 | G80: =+C80*D80*E80*F80 -> 0.09
A81: varios sueltos | C81: 2.14 | D81: 0.4 | E81: 0.05 | F81: 1 | G81: =+C81*D81*E81*F81 -> 0.04
A82: Eje A | C82: 16.2 | D82: 0.4 | E82: 0.05 | F82: 1 | G82: =+C82*D82*E82*F82 -> 0.32
A83: Eje B | C83: 16.2 | D83: 0.4 | E83: 0.05 | F83: 1 | G83: =+C83*D83*E83*F83 -> 0.32
A84: Eje C | C84: 16.2 | D84: 0.4 | E84: 0.05 | F84: 1 | G84: =+C84*D84*E84*F84 -> 0.32
A85: Eje D | C85: 16.2 | D85: 0.4 | E85: 0.05 | F85: 1 | G85: =+C85*D85*E85*F85 -> 0.32
A86: Varios sueltos | C86: 2.19 | D86: 0.4 | E86: 0.05 | F86: 1 | G86: =+C86*D86*E86*F86 -> 0.04
A87: Varios sueltos | C87: 1.55 | D87: 0.4 | E87: 0.05 | F87: 1 | G87: =+C87*D87*E87*F87 -> 0.03
G88: =SUM(G73:G87) -> 3.69
A90: #REF! | B90: #REF! | F90: UNIDAD | G90: #REF!
A92: ELEMENTO | C92: LONGITUD | D92: ANCHO | E92: ESPESOR | F92: CANTIDAD | G92: TOTAL
C93: m | D93: m | E93: m
A94: zapatas | C94: 1 | D94: 1 | E94: 0.4 | F94: 13 | G94: =(C94*D94*E94)*F94 -> 5.2
C95: 1.8 | D95: 1.8 | E95: 0.4 | F95: 2 | G95: =(C95*D95*E95)*F95 -> 2.59
G99: =SUM(G94:G98) -> 7.79
A101: #REF! | B101: #REF! | F101: UNIDAD | G101: M3
A103: ELEMENTO | C103: LONGITUD | D103: ANCHO | E103: ALTO | F103: CANTIDAD | G103: TOTAL
C104: m | D104: m | E104: m
A105: Eje 1 | C105: 15.4 | D105: 0.4 | E105: 0.4 | F105: 1 | G105: =+C105*D105*E105*F105 -> 2.46
A106: Eje 2 | C106: 15.4 | D106: 0.4 | E106: 0.4 | F106: 1 | G106: =+C106*D106*E106*F106 -> 2.46
A107: Eje 3 | C107: 15.4 | D107: 0.4 | E107: 0.4 | F107: 1 | G107: =+C107*D107*E107*F107 -> 2.46
A108: Eje 4 | C108: 15.4 | D108: 0.4 | E108: 0.4 | F108: 1 | G108: =+C108*D108*E108*F108 -> 2.46
A109: varios sueltos | C109: 4.67 | D109: 0.4 | E109: 0.4 | F109: 1 | G109: =+C109*D109*E109*F109 -> 0.75
A110: varios sueltos | C110: 2.14 | D110: 0.4 | E110: 0.4 | F110: 1 | G110: =+C110*D110*E110*F110 -> 0.34
A111: Eje A | C111: 16.2 | D111: 0.4 | E111: 0.4 | F111: 1 | G111: =+C111*D111*E111*F111 -> 2.59
A112: Eje B | C112: 16.2 | D112: 0.4 | E112: 0.4 | F112: 1 | G112: =+C112*D112*E112*F112 -> 2.59
A113: Eje C | C113: 16.2 | D113: 0.4 | E113: 0.4 | F113: 1 | G113: =+C113*D113*E113*F113 -> 2.59
A114: Eje D | C114: 16.2 | D114: 0.4 | E114: 0.4 | F114: 1 | G114: =+C114*D114*E114*F114 -> 2.59
A115: Varios sueltos | C115: 2.19 | D115: 0.4 | E115: 0.4 | F115: 1 | G115: =+C115*D115*E115*F115 -> 0.35
A116: Varios sueltos | C116: 1.55 | D116: 0.4 | E116: 0.4 | F116: 1 | G116: =+C116*D116*E116*F116 -> 0.25
C117: =SUM(C105:C116) -> 136.95
G118: =SUM(G105:G117) -> 21.89
A122: #REF! | B122: #REF! | F122: UNIDAD | G122: #REF!
A124: ELEMENTO | C124: LONGITUD | D124: ANCHO | E124: ALTURA | F124: CANTIDAD | G124: VOLUMEN
C125: m | D125: m | E125: m
A126: COLUMNAS 20x50 | E126: 8 | F126: 14 | G126: =+E126*F126 -> 112
G130: =SUM(G126:G129) -> 112
A132: #REF! | B132: #REF! | F132: UNIDAD | G132: #REF!
A134: ELEMENTO | C134: LONGITUD | D134: ANCHO | E134: ALTURA | F134: CANTIDAD | G134: VOLUMEN
C135: m | D135: m | E135: m
A137: COLUMNETAS 32X80 | E137: 8 | F137: 2 | G137: =+E137*F137 -> 16
G138: =SUM(G134:G137) -> 16
A140: #REF! | B140: #REF! | F140: UNIDAD | G140: #REF!
A142: ELEMENTO | C142: LONGITUD | D142: ANCHO | E142: ESPESOR | F142: CANTIDAD | G142: VOLUMEN
C143: m | D143: m | E143: m
A144: Eje 1 | C144: 15.4 | D144: 0.4 | E144: 0.4 | F144: 1 | G144: =+C144*D144*E144*F144 -> 2.46
A145: Eje 2 | C145: 4.67 | D145: 0.4 | E145: 0.4 | F145: 1 | G145: =+C145*D145*E145*F145 -> 0.75
A146: Eje 3 | C146: 15.4 | D146: 0.4 | E146: 0.4 | F146: 1 | G146: =+C146*D146*E146*F146 -> 2.46
A147: Eje 4 | C147: 15.4 | D147: 0.1 | E147: 0.3 | F147: 1 | G147: =+C147*D147*E147*F147 -> 0.46
...

Sheet FP
A1: =+PTTO!A1 -> CONSTRUCCIÓN DE OBRAS COMPLEMENTARIAS PARA LA PUESTA EN FUNCIONAMIENTO DE LA SEDE ADMINISTRATIVA DE LA SECRETARÍA DE TRÁNSITO Y TRANSPORTE DEL MUNICIPIO DE SAN MARTÍN, CESAR
A2: ANÁLISIS DEL PORCENTAJE DE PRESTACIONES SOCIALES PARA EL PERSONAL
B5: Salario Mímino Mensual Legal Vigente (2026) | C5: SMMLV | D5: 2000000
B7: SALARIOS Y SUBSIDIOS
B8: Salario Básico | C8: 1 | G8: =C8*D$5 -> 2000000 | H8: =+B8 -> Salario Básico | I8: (1 SMMLV) | K8: =+G8*L8 -> 4000000 | L8: 2
B10: PRESTACIONES SOCIALES
B11: Vacaciones | C11: 0.0417 | G11: =C11*D$5 -> 83400 | H11: =+B11 -> Vacaciones
B12: Prima de Servicios | C12: 0.0833 | G12: =C12*D$5 -> 166600 | H12: =+B12 -> Prima de Servicios
B13: Auxilio Cesantías | C13: 0.0833 | G13: =C13*D$5 -> 166600 | H13: =+B13 -> Auxilio Cesantías
B14: Intereses a las Cesantías | C14: 0.01 | G14: =C14*D$5 -> 20000 | H14: =+B14 -> Intereses a las Cesantías
B15: Auxilio de Transporte | C15: 0.1171 | G15: =C15*D$5 -> 234200 | H15: =+B15 -> Auxilio de Transporte
B16: SUBTOTAL | C16: =SUM(C11:C15) -> 0.3354
B18: SEGURIDAD SOCIAL
B19: Administrador de Fondos de Pensión | C19: 0.12 | G19: =C19*D$5 -> 240000 | H19: =+B19 -> Administrador de Fondos de Pensión
B20: Empresa Promotora de Salud | C20: 0.085 | G20: =C20*D$5 -> 170000 | H20: =+B20 -> Empresa Promotora de Salud
B21: Riesgos Profesionales (Construcción Riesgo 5) | C21: 0.0696 | G21: =C21*D$5 -> 139200 | H21: =+B21 -> Riesgos Profesionales (Construcción Riesgo 5)
B22: SUBTOTAL | C22: =SUM(C19:C21) -> 0.2746
B24: CAJA, ICBF, SENA
B25: Caja de Compensación Familiar | C25: 0.04 | G25: =C25*D$5 -> 80000 | H25: =+B25 -> Caja de Compensación Familiar
B26: Instituto Colombiano de Bienestar Familiar | C26: 0.03 | G26: =C26*D$5 -> 60000 | H26: =+B26 -> Instituto Colombiano de Bienestar Familiar
B27: SENA | C27: 0.02 | G27: =C27*D$5 -> 40000 | H27: =+B27 -> SENA
B28: SUBTOTAL | C28: =SUM(C25:C27) -> 0.09
B30: OTROS
B31: Indemnización por Despido | C31: 0.03 | G31: =C31*D$5 -> 60000 | H31: =+B31 -> Indemnización por Despido
B32: Licencias Remuneradas | C32: 0.03 | G32: =C32*D$5 -> 60000 | H32: =+B32 -> Licencias Remuneradas
B33: Vacaciones | C33: 0.0417 | G33: =C33*D$5 -> 83400 | H33: Vacaciones
B34: Exámenes Medicos de Egresos e Ingresos | C34: 0.03 | G34: =C34*D$5 -> 60000 | H34: =+B34 -> Exámenes Medicos de Egresos e Ingresos
B35: Dotación | C35: 0.05 | G35: =C35*D$5 -> 100000 | H35: =+B35 -> Dotación
B36: SUBTOTAL | C36: =SUM(C31:C35) -> 0.1817
B38: PRESTACIONES SOCIALES PERSONAL MENOR A 2 SMMLV: | C38: =C8+C36+C28+C22+C16 -> 1.8817 | G38: =SUM(G8:G37) -> 3763400 | H38: =D5*C38 -> 3763400
B40: PRESTACIONES SOCIALES PERSONAL MAYOR A 2 SMMLV: | C40: =+C38-C15-C35 -> 1.715 | G40: =C40*D5 -> 3430000

Sheet CONCRETOS Y MORTEROS
B1: Alcaldía Municipio de San Martin
B3: MORTEROS Y CONCRETOS
B5: PRECIO ACTUAL DE CEMENTO | D5: Distancia | E5: unitario
C6: kg | E6: 850
B7: PRECIO ACTUAL DE ARENA LAVADA DE CANTERA | C7: m³ | D7: 26 | E7: 85000
B8: PRECIO ACTUAL DE ARENA | C8: m³ | D8: 26 | E8: =+E7 -> 85000
B9: TRITURADO | C9: m³ | D9: 26 | E9: 160000
B10: AGUA | C10: L | E10: 198
B12: mortero 1:3 con arena de pozo
B14: material | C14: Unidad | D14: Cantidad | E14: Valor unitario | F14: Valor parcial
B15: Cemento | C15: kg | D15: 454 | E15: =+$E$6 -> 850 | F15: =+ROUND(E15*D15,0) -> 385900
B16: Arena fina | C16: m³ | D16: 1.09 | E16: =+$E$7 -> 85000 | F16: =+ROUND(E16*D16,0) -> 92650
B17: Agua | C17: L | D17: 240 | E17: =+E10 -> 198 | F17: =+ROUND(E17*D17,0) -> 47520
B18: Transporte de arena | C18: m³ | D18: =+D16 -> 1.09 | E18: 26000 | F18: =+ROUND(E18*D18,0) -> 28340
B19: Mano de obra | C19: m3 | D19: 1 | E19: 57000 | F19: =+ROUND(E19*D19,0) -> 57000
B20: transporte de cemento para condiciones criticas de terreno | C20: KG | D20: =+D15 -> 454 | E20: 100 | F20: =+ROUND(E20*D20,0) -> 45400
B21: TOTAL | G21: =F15+F16+F17+F18+F20+F19 -> 656810
B23: mortero 1:4 con Arena de peña
B25: material | C25: Unidad | D25: Cantidad | E25: Valor unitario | F25: Valor parcial
B26: Cemento | C26: kg | D26: 364 | E26: =+$E$6 -> 850 | F26: =+ROUND(E26*D26,0) -> 309400
B27: Arena fina | C27: m³ | D27: 1.16 | E27: =+$E$7 -> 85000 | F27: =+ROUND(E27*D27,0) -> 98600
B28: Agua | C28: L | D28: 220 | E28: =+E10 -> 198 | F28: =+ROUND(E28*D28,0) -> 43560
B29: Mano de obra | C29: m3 | D29: 1 | E29: 57000 | F29: =+ROUND(E29*D29,0) -> 57000
B30: Transporte de arena | C30: m³ | D30: =+D27 -> 1.16 | E30: 26000 | F30: =+ROUND(E30*D30,0) -> 30160
B31: TOTAL | G31: =F26+F27+F28+F30+F29 -> 538720
B36: Mortero 1:5 con arena de peña
B38: material | C38: Unidad | D38: Cantidad | E38: Valor unitario | F38: Valor parcial
B39: Cemento | C39: kg | D39: 302 | E39: =+$E$6 -> 850 | F39: =+ROUND(E39*D39,0) -> 256700
B40: Arena fina | C40: m³ | D40: 1.2 | E40: =+$E$7 -> 85000 | F40: =+ROUND(E40*D40,0) -> 102000
B41: Agua | C41: L | D41: 182 | E41: =+E10 -> 198 | F41: =+ROUND(E41*D41,0) -> 36036
B42: Mano de obra | C42: m3 | D42: 1 | E42: 85000 | F42: =+ROUND(E42*D42,0) -> 85000
B43: Transporte de arena | C43: m³ | D43: =+D40 -> 1.2 | E43: 26000 | F43: =+ROUND(E43*D43,0) -> 31200
B44: TOTAL | G44: =F39+F40+F41+F43+F42 -> 510936
B46: Concreto 4.000 psi | C46: 280 kg/cm²
B48: material | C48: Unidad | D48: Cantidad | E48: Valor unitario | F48: Valor parcial
B49: Cemento | C49: kg | D49: =9.1*50 -> 455 | E49: =+$E$6 -> 850 | F49: =+ROUND(E49*D49,0) -> 386750
B50: Arena | C50: m³ | D50: 0.67 | E50: =+$E$8 -> 85000 | F50: =+ROUND(E50*D50,0) -> 56950
B51: Grava | C51: m³ | D51: 0.67 | E51: =+$E$9 -> 160000 | F51: =+ROUND(E51*D51,0) -> 107200
B52: Mezcladora de trompo | C52: día | D52: 0.3 | E52: 100000 | F52: =+ROUND(E52*D52,0) -> 30000
B53: Agua | C53: L | D53: 260 | E53: =+E10 -> 198 | F53: =+ROUND(E53*D53,0) -> 51480
B54: Mano de obra | C54: m3 | D54: 1 | E54: =+E42 -> 85000 | F54: =+ROUND(E54*D54,0) -> 85000
B55: Transporte de arena lavada de rio | C55: m³ | D55: =+D50 -> 0.67 | E55: 26000 | F55: =+ROUND(E55*D55,0) -> 17420
B56: Transporte de grava | C56: m³ | D56: =+D51 -> 0.67 | E56: 26000 | F56: =+ROUND(E56*D56,0) -> 17420
B57: TOTAL | G57: =F49+F50+F51+F52+F53+F55+F56+F54 -> 752220
B59: Concreto 3.500 psi | C59: 246 kg/cm²
B61: material | C61: Unidad | D61: Cantidad | E61: Valor unitario | F61: Valor parcial
B62: Cemento | C62: kg | D62: =8.3*50 -> 415 | E62: =+$E$6 -> 850 | F62: =+ROUND(E62*D62,0) -> 352750
B63: Arena lavada | C63: m³ | D63: 0.6 | E63: =+$E$8 -> 85000 | F63: =+ROUND(E63*D63,0) -> 51000
B64: Grava | C64: m³ | D64: 0.76 | E64: =+$E$9 -> 160000 | F64: =+ROUND(E64*D64,0) -> 121600
B65: Mezcladora de trompo | C65: día | D65: 0.13 | E65: 100000 | F65: =+ROUND(E65*D65,0) -> 13000
B66: Agua | C66: L | D66: 250 | E66: =+E10 -> 198 | F66: =+ROUND(E66*D66,0) -> 49500
B67: Mano de obra | C67: m3 | D67: 1 | E67: =+E54 -> 85000 | F67: =+ROUND(E67*D67,0) -> 85000
B68: Transporte de arena | C68: m³ | D68: =+D63 -> 0.6 | E68: 26000 | F68: =+ROUND(E68*D68,0) -> 15600
B69: Transporte de grava | C69: m³ | D69: =+D64 -> 0.76 | E69: 26000 | F69: =+ROUND(E69*D69,0) -> 19760
B70: TOTAL | G70: =F62+F63+F64+F65+F66+F68+F69+F67 -> 708210
B73: Concreto 3.000 psi | C73: 210 kg/cm²
B75: material | C75: Unidad | D75: Cantidad | E75: Valor unitario | F75: Valor parcial
B76: Cemento | C76: kg | D76: =7.6*50 -> 380 | E76: =+$E$6 -> 850 | F76: =+ROUND(E76*D76,0) -> 323000
B77: Arena | C77: m³ | D77: 0.58 | E77: =+$E$8 -> 85000 | F77: =+ROUND(E77*D77,0) -> 49300
B78: Grava | C78: m³ | D78: 0.88 | E78: =+$E$9 -> 160000 | F78: =+ROUND(E78*D78,0) -> 140800
B79: Mezcladora de trompo | C79: día | D79: 0.13 | E79: 100000 | F79: =+ROUND(E79*D79,0) -> 13000
B80: Agua | C80: L | D80: 180 | E80: =+E10 -> 198 | F80: =+ROUND(E80*D80,0) -> 35640
B81: Transporte de arena | C81: m³ | D81: =+D77 -> 0.58 | E81: 26000 | F81: =+ROUND(E81*D81,0) -> 15080
B82: Transporte de grava | C82: m³ | D82: =+D78 -> 0.88 | E82: 26000 | F82: =+ROUND(E82*D82,0) -> 22880
B83: Mano de obra | C83: m3 | D83: 1 | E83: =+E67 -> 85000 | F83: =+ROUND(E83*D83,0) -> 85000
B84: Herramientas menores | C84: % | D84: 0.03 | E84: =+F83 -> 85000 | F84: =+ROUND(E84*D84,0) -> 2550
B85: TOTAL | G85: =F76+F77+F78+F79+F80+F81+F82+F83+F84 -> 687250
B90: Concreto 2.500 psi | C90: 175 kg/cm²
B92: material | C92: Unidad | D92: Cantidad | E92: Valor unitario | F92: Valor parcial
B93: Cemento | C93: kg | D93: =7.1*50 -> 355 | E93: =+$E$6 -> 850 | F93: =+ROUND(E93*D93,0) -> 301750
B94: Arena lavada de río | C94: m³ | D94: 0.52 | E94: =+$E$8 -> 85000 | F94: =+ROUND(E94*D94,0) -> 44200
B95: Grava | C95: m³ | D95: 0.94 | E95: =+$E$9 -> 160000 | F95: =+ROUND(E95*D95,0) -> 150400
B96: Mezcladora de trompo | C96: día | D96: 0.13 | E96: 100000 | F96: =+ROUND(E96*D96,0) -> 13000
B97: Agua | C97: L | D97: 170 | E97: =+E10 -> 198 | F97: =+ROUND(E97*D97,0) -> 33660
B98: Mano de obra | C98: m3 | D98: 1 | E98: =+E83 -> 85000 | F98: =+ROUND(E98*D98,0) -> 85000
B99: Transporte de arena lavada de rio | C99: m³ | D99: =+D94 -> 0.52 | E99: 26000 | F99: =+ROUND(E99*D99,0) -> 13520
B100: Transporte de grava | C100: m³ | D100: =+D95 -> 0.94 | E100: 26000 | F100: =+ROUND(E100*D100,0) -> 24440
B101: TOTAL | G101: =F93+F94+F95+F96+F97+F99+F100+F98 -> 665970
B104: Concreto 2.000 psi | C104: 140 kg/cm²
B106: material | C106: Unidad | D106: Cantidad | E106: Valor unitario | F106: Valor parcial
B107: Cemento | C107: kg | D107: =6.1*50 -> 305 | E107: =+$E$6 -> 850 | F107: =+ROUND(E107*D107,0) -> 259250
B108: Arena lavada de río | C108: m³ | D108: 0.55 | E108: =+$E$8 -> 85000 | F108: =+ROUND(E108*D108,0) -> 46750
B109: Grava | C109: m³ | D109: 0.92 | E109: =+$E$9 -> 160000 | F109: =+ROUND(E109*D109,0) -> 147200
B110: Mezcladora de trompo | C110: día | D110: 0.13 | E110: 100000 | F110: =+ROUND(E110*D110,0) -> 13000
B111: Agua | C111: L | D111: 170 | E111: =+E10 -> 198 | F111: =+ROUND(E111*D111,0) -> 33660
B112: Mano de obra | C112: m3 | D112: 1 | E112: =+E98 -> 85000 | F112: =+ROUND(E112*D112,0) -> 85000
B113: Transporte de arena lavada de rio | C113: m³ | D113: =+D108 -> 0.55 | E113: 26000 | F113: =+ROUND(E113*D113,0) -> 14300
B114: Transporte de grava | C114: m³ | D114: =+D109 -> 0.92 | E114: 26000 | F114: =+ROUND(E114*D114,0) -> 23920
B115: TOTAL | G115: =F107+F108+F109+F110+F111+F113+F114+F112 -> 623080
B118: Concreto pobre 1.500 psi | C118: 105 kg/cm²
B120: material | C120: Unidad | D120: Cantidad | E120: Valor unitario | F120: Valor parcial
B121: Cemento | C121: kg | D121: =5.5*50 -> 275 | E121: =+$E$6 -> 850 | F121: =+ROUND(E121*D121,0) -> 233750
B122: Arena lavada de río | C122: m³ | D122: 0.55 | E122: =+E7 -> 85000 | F122: =+ROUND(E122*D122,0) -> 46750
B123: Grava | C123: m³ | D123: 0.98 | E123: =+$E$9 -> 160000 | F123: =+ROUND(E123*D123,0) -> 156800
B124: Mezcladora de trompo | C124: día | D124: 0.13 | E124: 100000 | F124: =+ROUND(E124*D124,0) -> 13000
B125: Agua | C125: L | D125: 160 | E125: =+E10 -> 198 | F125: =+ROUND(E125*D125,0) -> 31680
B126: Mano de obra | C126: m3 | D126: 1 | E126: =+E112 -> 85000 | F126: =+ROUND(E126*D126,0) -> 85000
B127: Transporte de arena lavada de rio | C127: m³ | D127: =+D122 -> 0.55 | E127: 26000 | F127: =+ROUND(E127*D127,0) -> 14300
B128: Transporte de grava | C128: m³ | D128: =+D123 -> 0.98 | E128: 26000 | F128: =+ROUND(E128*D128,0) -> 25480
B129: TOTAL | G129: =F121+F122+F123+F124+F125+F127+F128+F126 -> 606760
...

Sheet MANO DE OBRA
A1: TARIFAS DE MANO DE OBRA
A2: =+PTTO!A1 -> CONSTRUCCIÓN DE OBRAS COMPLEMENTARIAS PARA LA PUESTA EN FUNCIONAMIENTO DE LA SEDE ADMINISTRATIVA DE LA SECRETARÍA DE TRÁNSITO Y TRANSPORTE DEL MUNICIPIO DE SAN MARTÍN, CESAR
A4: TARIFAS MANO DE OBRA Y PRESTACIONES SOCIALES 2026
A6: 1.-SALARIOS DE MANO DE OBRA | E6: %
A8: A- Salario Minimo Legal | C8: 1750905 | E8: 1 | G8: 1
A9: B- Auxilio de Transporte | C9: =2000000-C8 -> 249095 | E9: =C9/C8 -> 0.1423 | G9: =C9/C8 -> 0.1423
A10: C- Total Mensual | C10: =SUM(C8:C9) -> 2000000
A11: D- Anual (A/30x365) | C11: =+C8/30*365 -> 21302678
A12: Subsidio de Transporte Anual | C12: =+C9*12 -> 2989140
A13: E- Anual con Subsidio de Transporte | C13: =+C11+C12 -> 24291818
A15: PRESTACIONES | B15: BASE
A16: Cesantias | B16: E | C16: 0.1 | D16: =C$8*E16 -> 145850.39 | E16: =100%/12 -> 0.0833 | G16: =100%/12 -> 0.0833
A17: Intereses | B17: =+A16 -> Cesantias | C17: 0.12 | D17: =C$8*E17 -> 17509.05 | E17: =12%/12 -> 0.01 | G17: =12%/12 -> 0.01
A18: Vacaciones 15 Dias | B18: A | C18: 0.5 | D18: =C$8*E18 -> 73012.74 | E18: =50%/12 -> 0.0417 | G18: =50%/12 -> 0.0417
A19: Primas 30 Dias | B19: C | C19: 1 | D19: =C$8*E19 -> 145850.39 | E19: =100%/12 -> 0.0833 | G19: =100%/12 -> 0.0833
A21: OTROS COSTOS
A22: Indemnización por Despido | D22: =C$8*E22 -> 54628.24 | E22: 0.0312
A23: Licencias Remuneradas | D23: =C$8*E23 -> 52527.15 | E23: 0.03
A24: Exámenes Medicos de Egresos e Ingresos | D24: =C$8*E24 -> 52527.15 | E24: 0.03
A25: Dotación | D25: =C$8*E25 -> 61982.04 | E25: 0.0354
A27: SEGURIDAD SOCIAL
A28: Pensiones | B28: D | C28: 0.12 | D28: =C$8*E28 -> 210108.6 | E28: 0.12 | G28: 0.12
A29: Medicina Familiar | B29: D | C29: 0.085 | D29: =C$8*E29 -> 148826.93 | E29: 0.085 | G29: 0.085
A30: Riesgos Profesionales | B30: D | C30: 0.0696 | D30: =C$8*E30 -> 121862.99 | E30: 0.0696 | G30: 0.0696
A32: APORTES SENA
A33: Aporte Ordinario | B33: D | C33: 0.02 | D33: =C$8*E33 -> 35018.1 | E33: 0.02 | G33: 0.02
A34: F.I.C | B34: Nota 4 | C34: 0 | D34: =C$8*E34 -> 0 | E34: 0
A36: OTROS APORTES
A37: I.C.B.F | B37: D | C37: 0.03 | D37: =C$8*E37 -> 52527.15 | E37: 0.03 | G37: 0.03
A38: Subsidio Familiar | B38: D | C38: 0.04 | D38: =C$8*E38 -> 70036.2 | E38: 0.04 | G38: 0.04
A40: VALOR REAL DEL SALARIO | D40: =SUM(D16:D39)+C8 -> 2993172.1 | E40: =ROUND(SUM(E8:E38),2) -> 1.85
A42: NOTAS:
A43: 1.- Subsidio de transporte solo se paga hasta sueldos de 2 salarios minimos mensules legales vigentes.
A44: 2.- Subsidio de transporte anual = Subsidio mensual / 30 x (365 dias-18 fiestas - 3 permisos- 15 dias vacaciones).
A45: 3.- Porcentajes solo son validos para actividades de construccion. Para otros empleados se debe utilizar 30 dias de cesantia y 2.2% (promedio para empresas de bajo riesgo).
A46: 4.- Un salario minimo por cada 40 trabajadores. El valor se obtiene asi: (Salario minimo x 12 / 40) / Salario annual estudiado.
A47: 5.- El crecimiento promedio del PIB entre 2005 y 2006 fue superior al 4%y por ello la cotizacion a pensiones por parte del patrono durante 2009 debe aumentar al 12%, segun lo dispuesto por la ley 297 del 2003.
A48: * Todos los porcentajes estan relacionados con el salario para 365 dias.
A49: * Los 18 feriados hacen referencia a los dias feriados que de lunes a viernes .
A51: 2- CALCULO DE SOBRECOSTO POR HORAS EFECTIVAS TRABAJADAS-OBREROS CON UN SALARIO MINIMO TRABAJADO
A53: A- Anual con Subsidio de Transporte | D53: =D40*12 -> 35918065
A54: B- Horas Calendario Anuales | C54: 365 x 8 Hhr | D54: =365*8 -> 2920
A55: C- Horas Laborales Anuales | C55: (52 Sem x 48 Hr) + 8 Hr | D55: =52*48+8 -> 2504
A56: D- Horas Habiles Anuales | C56: 2920 Hr - ((52 Dom + 18 Fiestas + 3 Permisos) x 8 Hr) | D56: =D54-(52+18+3)*8 -> 2336
A57: E- Valor Hora Calendario | C57: A/B | D57: =+D53/D54 -> 12300.71 | E57: 1
A58: F- Valor Hora Laboral | C58: A/C | D58: =+D53/D55 -> 14344.28 | E58: 1.1661
A59: G- Valor Hora Efectiva | C59: A/D | D59: =+D53/D56 -> 15375.88 | E59: 1.2457 | G59: =+D59/D53 -> 0.0004
A61: NOTAS:
A62: Los factores de sobrecostos se utilizan para valorizar el tiempo efectivo que un obrero dedica a su labor y refleja el costo del tiempo durante el cual no está trabajando pero sí está devengando.
A63: Si se toma como base la hora calendario, se incrementa 24.57% para obtener la hora efectiva.
A64: Si se toma como base la hora laboral, se incrementa 6.83% para obtener la hora efectiva.
A66: CALCULO DE CUADRILLAS
A68: CUADRILLA "AA" (Albañileria)
A69: Jornal Ayudante | C69: 1 Mínimo | D69: =(C$8/30)*1.2 -> 70036.2
A70: Valor Real del Jornal | C70: =E$40 -> 1.85 | D70: =+D69*C70 -> 129566.97
A71: Valor Total Hr Ayudante | D71: =+D70/8 -> 16195.87
A73: Jornal Oficial | C73: 2 Mínimos | D73: =(C$8/30)*2.1 -> 122563.35
A74: Valor Real del Jornal | C74: =E$40 -> 1.85 | D74: =+D73*C74 -> 226742.2
A75: Valor Total Hr Oficial | D75: =+D74/8 -> 28342.78
A77: Valor Dia Cuadrilla | D77: =+D74+D70 -> 356309.17
A78: Valor Hr Cuadrilla | D78: =+D77/8 -> 44538.65
A80: CUADRILLA "BB" (Instalaciones)
A81: Jornal Ayudante | C81: AA + Incremento 10% | D81: =+D69*1.1 -> 77039.82
A82: Valor Real del Jornal | C82: =E$40 -> 1.85 | D82: =+D70*1.1 -> 142523.67
A83: Valor Total Hr Ayudante | D83: =+D71*1.1 -> 17815.46
A85: Jornal Oficial | C85: AA + Incremento 10% | D85: =D73*1.1 -> 134819.69
A86: Valor Real del Jornal | C86: =E$40 -> 1.85 | D86: =+D74*1.1 -> 249416.42
A87: Valor Total Hr Oficial | D87: =+D75*1.1 -> 31177.06
A89: Valor Dia Cuadrilla | D89: =+D86+D82 -> 391940.09
A90: Valor Hr Cuadrilla | D90: =+D89/8 -> 48992.51
A92: CUADRILLA "CC" (Pintura)
A93: Jornal Ayudante | C93: AA + Incremento 15% | D93: =+D69*1.15 -> 80541.63
A94: Valor Real del Jornal | C94: =E$40 -> 1.85 | D94: =+D70*1.15 -> 149002.02
A95: Valor Total Hr Ayudante | D95: =+D71*1.15 -> 18625.25
A97: Jornal Oficial | C97: AA + Incremento 15% | D97: =+D73*1.15 -> 140947.85
A98: Valor Real del Jornal | C98: =E$40 -> 1.85 | D98: =+D74*1.15 -> 260753.53
A99: Valor Total Hr Oficial | D99: =+D75*1.15 -> 32594.2
A101: Valor Dia Cuadrilla | D101: =+D98+D94 -> 409755.55
A102: Valor Hr Cuadrilla | D102: =+D101/8 -> 51219.44
A104: CUADRILLA "DD" (Carpinterias)
A105: Jornal Ayudante | C105: AA + Incremento 20% | D105: =+D69*1.2 -> 84043.44
A106: Valor Real del Jornal | C106: =E$40 -> 1.85 | D106: =+D70*1.2 -> 155480.36
A107: Valor Total Hr Ayudante | D107: =+D71*1.2 -> 19435.04
A109: Jornal Oficial | C109: AA + Incremento 20% | D109: =+D73*1.2 -> 147076.02
A110: Valor Real del Jornal | C110: =E$40 -> 1.85 | D110: =+D74*1.2 -> 272090.64
A111: Valor Total Hr Oficial | D111: =+D75*1.2 -> 34011.34
A113: Valor Dia Cuadrilla | D113: =+D110+D106 -> 427571
A114: Valor Hr Cuadrilla | D114: =+D113/8 -> 53446.38
A116: CUADRILLA (Topografia)
A117: Jornal Ayudante | C117: AA + Incremento 40% | D117: =+D69*1.4 -> 98050.68
A118: Valor Real del Jornal | C118: =E$40 -> 1.85 | D118: =+D70*1.4 -> 181393.76
A119: Valor Total Hr Ayudante | D119: =+D71*1.4 -> 22674.22
A121: Jornal Oficial | C121: AA + Incremento 40% | D121: =+D73*1.4 -> 171588.69
A122: Valor Real del Jornal | C122: =E$40 -> 1.85 | D122: =+D74*1.4 -> 317439.08
A123: Valor Total Hr Oficial | D123: =+D75*1.4 -> 39679.89
A125: Valor Dia Cuadrilla | D125: =+D122+D118 -> 498832.84
A126: Valor Hr Cuadrilla | D126: =+D123+D119 -> 62354.11
A167: NOTAS:
A168: Jornal = sueldo mensual x 12 meses / 365 dias.
A173: SANDRA RENOGA TELLEZ
...

Sheet PTTO
A1: CONSTRUCCIÓN DE OBRAS COMPLEMENTARIAS PARA LA PUESTA EN FUNCIONAMIENTO DE LA SEDE ADMINISTRATIVA DE LA SECRETARÍA DE TRÁNSITO Y TRANSPORTE DEL MUNICIPIO DE SAN MARTÍN, CESAR
A3: It. | B3: Actividad | C3: Un | D3: Cantidad | E3: Vr Unitario | F3: Vr Total
A4: 1 | B4: Pisos y Acabados
A5: 1.1 | B5: Enchape Pisos en porcelanato 60x120 trafico 4 | C5: m2 | D5: =+MEMORIA!G391 -> 129.67 | E5: =+'1.1 PORCELANATO'!J32 -> 214624 | F5: =D5*E5 -> 27830294
A6: 1.2 | B6: Guardaescobas Pisos en cporcelanato 60x120 trafico 4 | C6: ml | D6: =+MEMORIA!G411 -> 56.28 | E6: =+'1.2 GUARDAESCOBAS'!J33 -> 22766 | F6: =D6*E6 -> 1281270
A7: 1.3 | B7: Piso parqueadero en en concreto de 3000 psi e:0,15 | C7: m2 | D7: =+MEMORIA!G460 -> 140.07 | E7: =+'1.3 PISO CONCRETO PARQ.'!J33 -> 237327 | F7: =D7*E7 -> 33242393
A8: 1.4 | B8: Tapas en concreto canal de aguas lluvias e:0,20 | C8: m2 | D8: =+MEMORIA!G614 -> 11.55 | E8: =+'1.4 TAPAS CONCRETO'!J33 -> 216684 | F8: =D8*E8 -> 2502700
B9: Total Pisos y acabados | F9: =SUM(F5:F8) -> 64856657
A11: 2 | B11: Aparatos
A12: 2.1 | B12: Aire acondicionado de 36000 btu | C12: un | D12: 1 | E12: =+'2.1 AA 36000 BTU'!J37 -> 8903945.8 | F12: =D12*E12 -> 8903946
B13: Total Instalaciones Electricas | F13: =SUM(F12:F12) -> 8903946
A14: 3 | B14: Carpinteria Metalica y de madera
A15: 3.1 | B15: Puertas metalica calibre 20 chapa 1,00x 2,00 h puerta salida parqueadero | C15: M2 | D15: =+MEMORIA!G667 -> 2 | E15: =+'3.1 PUERTAS'!J35 -> 659782.05 | F15: =D15*E15 -> 1319564
A16: 3.2 | B16: Puertas en Rh con melamina incluye chapa 1,00x 2,00 h | C16: M2 | D16: =+MEMORIA!G680 -> 14 | E16: =+'3.2 PUERTA RH 1'!J34 -> 715849.35 | F16: =D16*E16 -> 10021891
A17: 3.3 | B17: Puertas en Rh con melamina incluye chapa 70x 2,00 h | C17: M2 | D17: =+MEMORIA!G691 -> 5.6 | E17: =+'3.3 PUERTA RH ,7 '!J34 -> 618349.35 | F17: =D17*E17 -> 3462756
A18: 3.4 | B18: Divisiones de oficIna en paño y estructura metalica y vidrio. | C18: m2 | D18: =+MEMORIA!G717 -> 70.1 | E18: =+'3.4 DIVISION OFC'!J36 -> 874623.37 | F18: =D18*E18 -> 61311098
A19: 3.5 | B19: Suministro e intalacion de Panel para Revestimiento Exterior en WPC Nast Ex 10 X 290 X 5 cm | C19: ml | D19: =+MEMORIA!G728 -> 43.7 | E19: =+'3.56 REVESTIMIENTO'!J35 -> 143447.12 | F19: =D19*E19 -> 6268639
A20: 3.6 | B20: Porton parqueadero en estructura metalica y WPC 10X290X5 | C20: m2 | D20: 8.4 | E20: =+'3.6 PORTON'!J36 -> 982979.52 | F20: =D20*E20 -> 8257028
A21: 3.7 | B21: Enchape fachada en piedra tunguragua o similar | C21: m2 | D21: =+MEMORIA!G884 -> 20.57 | E21: =+'3.7 PIEDRA'!J29 -> 272780.45 | F21: =D21*E21 -> 5611094
A22: 3.8 | B22: Pelicula de seguridad y polarizado vidrios | C22: m2 | D22: =+MEMORIA!G894 -> 6.1 | E22: =+'3.8 POLARIZADOS'!J29 -> 94585.34 | F22: =D22*E22 -> 576971
A23: 3.9 | B23: Pelicula multiperforada logo para vidrio acceso con publicidad | C23: m2 | D23: =+MEMORIA!G904 -> 10.86 | E23: =+'3.9 MULTIPERFORADOS'!J29 -> 96390.22 | F23: =D23*E23 -> 1046798
A24: 3.10 | B24: Letrero en 3d acero h: 0,26 | C24: letra | D24: =+MEMORIA!G914 -> 31 | E24: =+'3.10 LETRERO'!J29 -> 128585.34 | F24: =D24*E24 -> 3986146
B26: Total Carpinteria | F26: =SUM(F15:F24) -> 101861985
B29: Total precio directos | F29: =+F9+F13+F26 -> 175622588
E34: =+AIU!I39 -> 0.3137 | F34: =+AIU!H39 -> 55082760
E35: =+AIU!I33 -> 0.2537 | F35: =+AIU!H33 -> 44545405
E36: =+AIU!I35 -> 0.01 | F36: =+AIU!H35 -> 1756225.9
E37: =+AIU!I37 -> 0.05 | F37: =+AIU!H37 -> 8781129.4
B38: Total precio directos e indirectos | F38: =+F29+F34 -> 2.3070535e+08
B39: COSTO SST | F39: =+PMA!H30 -> 3463010
B40: VALOR TOTAL PROYECTO | F40: =+F38+F39 -> 2.3416836e+08
B44: ING SANDRA RENOGA TELLEZ
B45: Secretaria de Infraestructura de San Martin
B46: Proyecto: ING LINA MEJIA

Sheet AIU
A1: =+PTTO!A1 -> CONSTRUCCIÓN DE OBRAS COMPLEMENTARIAS PARA LA PUESTA EN FUNCIONAMIENTO DE LA SEDE ADMINISTRATIVA DE LA SECRETARÍA DE TRÁNSITO Y TRANSPORTE DEL MUNICIPIO DE SAN MARTÍN, CESAR | K1: VALOR TOTAL DEL PROYECTO (verificación) | L1: =+K2/1.32 -> 1.7477678e+08
K2: =+D7+H39 -> 2.3070535e+08 | L2: =+L1*1.32 -> 2.3070535e+08
A5: DESGLOSE DEL A.I.U. | K5: Factor Prestacional (FP)
K6: =+FP!C38 -> 1.88 | L6: (PERSONAL < 2 SMMLV)
A7: COSTO DIRECTO DE LA OBRA | D7: =+PTTO!F29 -> 175622588 | K7: =+FP!C40 -> 1.72 | L7: (PERSONAL > 2 SMMLV)
A8: DURACIÓN EJECUCIÓN FÍSICA DE LA OBRA (MESES) | D8: 1.5
A10: ITEM | B10: DESCRIPCION | C10: CANT | D10: Vr. Mensual | E10: MESES | F10: DEDICACION | G10: FP | H10: VR / TOTAL | I10: %(CD)
A11: 1 | B11: ADMINISTRACIÓN
A12: 1.1 | B12: Personal Administrativo | K12: =1750905*2 -> 3501810 | L12: 2 SMMLV
A13: 1.1.02 | B13: Residente de Obra | C13: 1 | D13: 3200000 | E13: =+D8 -> 1.5 | F13: 1 | G13: =IF((K13<K$12),K$6,K$7) -> 1.88 | H13: =C13*D13*E13*F13*G13 -> 9024000 | K13: =+D13*F13 -> 3200000
G14: Subtotal | H14: =+H13 -> 9024000 | I14: =H14/$D$7 -> 0.0514
A15: 1.2 | B15: Gastos Administrativos | K15: =+I14*D7 -> 9027001
A16: 1.2.04 | B16: Transportes (Alquiler de vehículos para traslados extraordinarios para personal profesional, especialmente de tipo técnico, en la zona, transportes a canteras, botaderos, u otros que se requieran) | C16: 1 | D16: 300000 | E16: =+D8 -> 1.5 | H16: =C16*D16*E16 -> 450000 | K16: =+K15-H14 -> 3001.02
A17: 1.2.05 | B17: Comunicaciones | C17: 1 | D17: 250000 | E17: =+D8 -> 1.5 | H17: =C17*D17*E17 -> 375000
A18: 1.2.06 | B18: Edicion de Informes mensuales y final, incluye ploteo de planos y archivos magneticos. | C18: 1 | D18: 300000 | E18: =+D8 -> 1.5 | H18: =C18*D18*E18 -> 450000
G19: Subtotal | H19: =+H16+H17+H18 -> 1275000 | I19: =H19/$D$7 -> 0.0073 | K19: =+I19*D7 -> 1282044.9
A20: 1.3 | B20: Gastos de Legalización y perfeccionamiento del contrato | K20: =+K19-H19 -> 7044.89
A21: 1.3.01 | B21: Estampillas
B22: Estampilla pro-fronterizo | H22: =(I22*D$7) -> 2634338.8 | I22: 0.015
B23: Estampilla pro-cultura | H23: =(I23*D$7) -> 3512451.8 | I23: 0.02
B24: Estampilla pro-anciano | H24: =(I24*D$7) -> 7024903.5 | I24: 0.04
B25: Papelería | H25: =I25*D$7 -> 3512451.8 | I25: 0.02
B26: Estampilla pro-deporte | H26: =I26*D$7 -> 2634338.8 | I26: 0.015
B27: Estampilla pro-universidad | H27: =I27*D$7 -> 878112.94 | I27: 0.005
B28: Fondo contribución de seguridad | H28: =(I28*D$7) -> 8781129.4 | I28: 0.05
B29: Estampilla Justicia familiar | H29: =I29*D$7 -> 3512451.8 | I29: 0.02
G30: Subtotal | H30: =SUM(H22:H29) -> 32490179 | I30: =H30/$D$7 -> 0.185 | K30: =+H30/D7 -> 0.185
A31: 1.3.02 | B31: Pólizas | H31: =1%*D7 -> 1756225.9
G32: Subtotal | H32: =SUM(H31) -> 1756225.9 | I32: =H32/$D$7 -> 0.01 | K32: =+I32*D7 -> 1756225.9
D33: TOTAL ADMINISTRACIÓN | H33: =H30+H14+H19+H32 -> 44545405 | I33: =I30+I14+I19+I32 -> 0.2537 | K33: =+I33*D7 -> 44555451
K34: =+H33-K33 -> -10045.92
A35: 2 | B35: IMPREVISTOS | H35: =I35*$D$7 -> 1756225.9 | I35: 0.01
A37: 3 | B37: UTILIDAD | H37: =I37*$D$7 -> 8781129.4 | I37: 0.05
B39: TOTAL A.I.U. | H39: =H37+H35+H33 -> 55082760 | I39: =I37+I35+I33 -> 0.3137 | K39: =+I39*D7 -> 55092806
A44: SANDRA RENOGA TELLEZ
A45: SECRETARIA DE INFRAESTRUCTURA

Sheet CRONOGRAMA
A1: =+PTTO!A1 -> CONSTRUCCIÓN DE OBRAS COMPLEMENTARIAS PARA LA PUESTA EN FUNCIONAMIENTO DE LA SEDE ADMINISTRATIVA DE LA SECRETARÍA DE TRÁNSITO Y TRANSPORTE DEL MUNICIPIO DE SAN MARTÍN, CESAR
A2: CRONOGRAMA FISICO Y FINANCIERO
G3: Semana 1 | H3: Semana 2 | I3: Semana 3 | J3: Semana 4 | K3: Semana 5 | L3: Semana 6
A4: It. | B4: Actividad | C4: Un | D4: Cantidad | E4: Vr Unitario | F4: Vr Total
A5: 1 | B5: Pisos y Acabados
A6: 1.1 | B6: Enchape Pisos en porcelanato 60x120 trafico 4 | C6: m2 | D6: =+MEMORIA!G391 -> 129.67 | E6: =+'1.1 PORCELANATO'!J32 -> 214624 | F6: =D6*E6 -> 27830294 | G6: =+F6/3 -> 9276765 | H6: =+G6 -> 9276765 | I6: =+H6 -> 9276765
A7: 1.2 | B7: Guardaescobas Pisos en cporcelanato 60x120 trafico 4 | C7: ml | D7: =+MEMORIA!G411 -> 56.28 | E7: =+'1.2 GUARDAESCOBAS'!J33 -> 22766 | F7: =D7*E7 -> 1281270 | I7: =+F7 -> 1281270
A8: 1.3 | B8: Piso parqueadero en en concreto de 3000 psi e:0,15 | C8: m2 | D8: =+MEMORIA!G460 -> 140.07 | E8: =+'1.3 PISO CONCRETO PARQ.'!J33 -> 237327 | F8: =D8*E8 -> 33242393 | I8: =+F8/3 -> 11080798 | J8: =+I8 -> 11080798 | K8: =+J8 -> 11080798
A9: 1.4 | B9: Tapas en concreto canal de aguas lluvias e:0,20 | C9: m2 | D9: =+MEMORIA!G614 -> 11.55 | E9: =+'1.4 TAPAS CONCRETO'!J33 -> 216684 | F9: =D9*E9 -> 2502700 | I9: =+F9 -> 2502700
B10: Total Pisos y acabados | F10: =SUM(F6:F9) -> 64856657
A12: 2 | B12: Instalaciones Electricas
A13: 2.1 | B13: Aire acondicionado de 36000 btu | C13: un | D13: 1 | E13: =+'2.1 AA 36000 BTU'!J37 -> 8903945.8 | F13: =D13*E13 -> 8903946 | L13: =+F13 -> 8903946
B14: Total Instalaciones Electricas | F14: =SUM(F13:F13) -> 8903946
A15: 3 | B15: Carpinteria Metalica y de madera
A16: 3.1 | B16: Puertas metalica calibre 20 chapa 1,00x 2,00 h puerta salida parqueadero | C16: M2 | D16: =+MEMORIA!G667 -> 2 | E16: =+'3.1 PUERTAS'!J35 -> 659782.05 | F16: =D16*E16 -> 1319564 | L16: =+F16 -> 1319564
A17: 3.2 | B17: Puertas en Rh con melamina incluye chapa 1,00x 2,00 h | C17: M2 | D17: =+MEMORIA!G680 -> 14 | E17: =+'3.2 PUERTA RH 1'!J34 -> 715849.35 | F17: =D17*E17 -> 10021891 | L17: =+F17 -> 10021891
A18: 3.3 | B18: Puertas en Rh con melamina incluye chapa 70x 2,00 h | C18: M2 | D18: =+MEMORIA!G691 -> 5.6 | E18: =+'3.3 PUERTA RH ,7 '!J34 -> 618349.35 | F18: =D18*E18 -> 3462756 | L18: =+F18 -> 3462756
A19: 3.4 | B19: Divisiones de oficIna en paño y estructura metalica y vidrio. | C19: m2 | D19: =+MEMORIA!G717 -> 70.1 | E19: =+'3.4 DIVISION OFC'!J36 -> 874623.37 | F19: =D19*E19 -> 61311098 | K19: =+F19/2 -> 30655549 | L19: =+K19 -> 30655549
A20: 3.5 | B20: Suministro e intalacion de Panel para Revestimiento Exterior en WPC Nast Ex 10 X 290 X 5 cm | C20: ml | D20: =+MEMORIA!G728 -> 43.7 | E20: =+'3.56 REVESTIMIENTO'!J35 -> 143447.12 | F20: =D20*E20 -> 6268639 | K20: =+F20 -> 6268639
A21: 3.6 | B21: Porton parqueadero en estructura metalica y WPC 10X290X5 | C21: m2 | D21: 8.4 | E21: =+'3.6 PORTON'!J36 -> 982979.52 | F21: =D21*E21 -> 8257028 | K21: =+F21 -> 8257028
A22: 3.7 | B22: Enchape fachada en piedra tunguragua o similar | C22: m2 | D22: =+MEMORIA!G884 -> 20.57 | E22: =+'3.7 PIEDRA'!J29 -> 272780.45 | F22: =D22*E22 -> 5611094 | K22: =+F22 -> 5611094
A23: 3.8 | B23: Pelicula de seguridad y polarizado vidrios | C23: m2 | D23: =+MEMORIA!G894 -> 6.1 | E23: =+'3.8 POLARIZADOS'!J29 -> 94585.34 | F23: =D23*E23 -> 576971 | K23: =+F23 -> 576971
A24: 3.9 | B24: Pelicula multiperforada logo para vidrio acceso con publicidad | C24: m2 | D24: =+MEMORIA!G904 -> 10.86 | E24: =+'3.9 MULTIPERFORADOS'!J29 -> 96390.22 | F24: =D24*E24 -> 1046798 | K24: =+F24 -> 1046798
A25: 3.10 | B25: Letrero en 3d acero h: 0,26 | C25: letra | D25: =+MEMORIA!G914 -> 31 | E25: =+'3.10 LETRERO'!J29 -> 128585.34 | F25: =D25*E25 -> 3986146 | L25: =+F25 -> 3986146
B27: Total Carpinteria | F27: =SUM(F16:F25) -> 101861985
B30: Total precio directos | F30: =+F10+F14+F27 -> 175622588 | G30: =SUM(G5:G25) -> 9276765 | H30: =SUM(H5:H25) -> 9276765 | I30: =SUM(I5:I25) -> 24141533 | J30: =SUM(J5:J25) -> 11080798 | K30: =SUM(K5:K25) -> 63496877 | L30: =SUM(L5:L25) -> 58349852
E35: =+AIU!I39 -> 0.3137 | F35: =+AIU!H39 -> 55082760
E36: =+AIU!I33 -> 0.2537 | F36: =+AIU!H33 -> 44545405 | G36: =+F36/6 -> 7424234.1 | H36: =+G36 -> 7424234.1 | I36: =+H36 -> 7424234.1 | J36: =+I36 -> 7424234.1 | K36: =+J36 -> 7424234.1 | L36: =+K36 -> 7424234.1
E37: =+AIU!I35 -> 0.01 | F37: =+AIU!H35 -> 1756225.9 | G37: =+F37/6 -> 292704.31 | H37: =+G37 -> 292704.31 | I37: =+H37 -> 292704.31 | J37: =+I37 -> 292704.31 | K37: =+J37 -> 292704.31 | L37: =+K37 -> 292704.31
E38: =+AIU!I37 -> 0.05 | F38: =+AIU!H37 -> 8781129.4 | G38: =+F38/6 -> 1463521.6 | H38: =+G38 -> 1463521.6 | I38: =+H38 -> 1463521.6 | J38: =+I38 -> 1463521.6 | K38: =+J38 -> 1463521.6 | L38: =+K38 -> 1463521.6
B39: Total precio directos e indirectos | F39: =+F30+F35 -> 2.3070535e+08
B40: COSTO SST | F40: =+PMA!H30 -> 3463010 | G40: =+F40/6 -> 577168 | H40: =+G40 -> 577168 | I40: =+H40 -> 577168 | J40: =+I40 -> 577168 | K40: =+J40 -> 577168 | L40: =+K40 -> 577168
B41: VALOR TOTAL PROYECTO | F41: =+F39+F40 -> 2.3416836e+08 | G41: =SUM(G28:G40) -> 19034393 | H41: =SUM(H28:H40) -> 19034393 | I41: =SUM(I28:I40) -> 33899161 | J41: =SUM(J28:J40) -> 20838426 | K41: =SUM(K28:K40) -> 73254505 | L41: =SUM(L28:L40) -> 68107480
G42: =+G41 -> 19034393 | H42: =+H41+G42 -> 38068786 | I42: =+I41+H42 -> 71967947 | J42: =+J41+I42 -> 92806373 | K42: =+K41+J42 -> 166060878 | L42: =+L41+K42 -> 234168358
B45: ING SANDRA RENOGA TELLEZ
B46: Secretaria de Infraestructura de San Martin
B47: Proyecto: ING LINA MEJIA

Sheet PMA
B2: REPUBLICA DE COLOMBIA MUNICIPIO DE SAN MARTIN DEPARTAMENTO DEL CESAR
B3: ANALISIS DEl PLAN DE MANEJO AMBIENTAL (P.M.A.).
B5: =+PTTO!A1 -> CONSTRUCCIÓN DE OBRAS COMPLEMENTARIAS PARA LA PUESTA EN FUNCIONAMIENTO DE LA SEDE ADMINISTRATIVA DE LA SECRETARÍA DE TRÁNSITO Y TRANSPORTE DEL MUNICIPIO DE SAN MARTÍN, CESAR
B8: ITEM: PMA- | C8: GESTIÓN AMBIENTAL | H8: UND: UND
B9: PROGRAMA SEGÚN PROGRAMAS
B10: l | C10: RECURSOS PARA LA IMPLEMENTACION DE PROGRAMAS
B11: N° | C11: COMPONENTE | D11: ELEMENTOS | E11: UNIDAD | F11: CANTIDAD | G11: VALOR UNITARIO | H11: VALOR TOTAL
B12: 1 | C12: KIT PARA DESPERDICIOS SOLIDOS | D12: Canecas de 65 litros con tapa | E12: Und | F12: 2 | G12: 80000 | H12: =F12*G12 -> 160000
D13: Bolsa color negro calibre 2" de 65 cm x 85 cm | E13: Und | F13: 100 | G13: 2000 | H13: =F13*G13 -> 200000
D14: Bolsa color rojo calle 2" de 65 cm x 85 cm | E14: Und | F14: 100 | G14: 2000 | H14: =F14*G14 -> 200000
D15: Bolsa color verde calle 2" de 65 cm x 85 cm | E15: Und | F15: 100 | G15: 2000 | H15: =F15*G15 -> 200000
B16: 2 | C16: KIT DE SEÑALIZACIÓN AMBIENTAL (Señales en acrílico de 15 x 15 cm) | D16: Residuos reciclables | E16: Und | F16: 2 | G16: 25000 | H16: =F16*G16 -> 50000
D17: Residuos organicos | E17: Und | F17: 2 | G17: 25000 | H17: =F17*G17 -> 50000
D18: Residuos peligrosos | E18: Und | F18: 2 | G18: 25000 | H18: =F18*G18 -> 50000
B19: 3 | C19: LAVADO DE HERRAMIENTAS | D19: Caneca para lavado de herramientas con capacidad de 55 galones, material de acero o similar | E19: Und | F19: 2 | G19: 150000 | H19: =F19*G19 -> 300000
B20: 4 | C20: CUBRIMIENTO DE MATERIALES GRANULARES | D20: Cubrimiento de materiales granulares como bases, sub bases, arena, plástico calibre 6" de 3m de ancho x 10 m de longitud | E20: m2 | F20: 100 | G20: 7670.1 | H20: =F20*G20 -> 767010
B21: 5 | C21: CUBRIMIENTO DE ESCOMBROS | D21: Cubrimiento de escombros con tela verde para cerramiento de 2m de ancho x 15 de longutud | E21: m2 | F21: 100 | G21: 6500 | H21: =F21*G21 -> 650000
B22: 6 | C22: KIT DE ASEO DE INFRAESTRUCTURA | D22: Pala con mango | E22: Und | F22: 2 | G22: 28000 | H22: =F22*G22 -> 56000
D23: Carretilla (tipo boggy con llanta neumatica) | E23: Und | F23: 2 | G23: 250000 | H23: =F23*G23 -> 500000
D24: Cono Mínimo de h:45cm | E24: Und | F24: 2 | G24: 80000 | H24: =F24*G24 -> 160000
D25: Escobon industrial | E25: Und | F25: 2 | G25: 25000 | H25: =F25*G25 -> 50000
D26: Balde plástico de 25 lts | E26: Und | F26: 2 | G26: 20000 | H26: =F26*G26 -> 40000
D27: Cepillo de casquillo de 37 x 7 | E27: Und | F27: 2 | G27: 15000 | H27: =F27*G27 -> 30000
B28: TOTAL COSTOS RECURSOS PARA LA IMPLEMENTACIÓN DEL PROGRAMA | H28: =SUM(H12:H27) -> 3463010
B30: TOTAL COSTOS RECURSOS PARA LA IMPLEMENTACIÓN DEL P.M.A - GESTIÓN AMBIENTAL | H30: =+H28 -> 3463010
B39: =+CRONOGRAMA!B45 -> ING SANDRA RENOGA TELLEZ
B40: =+CRONOGRAMA!B46 -> Secretaria de Infraestructura de San Martin
B43: COMPONENTE | G43: COSTO
B44: PMA-1 | C44: =#REF! -> #REF! | G44: =#REF! -> #REF!
B45: PMA-2 | C45: =+C8 -> GESTIÓN AMBIENTAL | G45: =+H30 -> 3463010
C46: COSTO TOTAL | H46: =SUM(G44:H45) -> #REF!
B56: =B39 -> ING SANDRA RENOGA TELLEZ
B57: =B40 -> Secretaria de Infraestructura de San Martin

Sheet 1.1 PORCELANATO
A1: ANALISIS DE PRECIOS UNITARIOS
A2: =+PTTO!A1 -> CONSTRUCCIÓN DE OBRAS COMPLEMENTARIAS PARA LA PUESTA EN FUNCIONAMIENTO DE LA SEDE ADMINISTRATIVA DE LA SECRETARÍA DE TRÁNSITO Y TRANSPORTE DEL MUNICIPIO DE SAN MARTÍN, CESAR
A3: =+PTTO!B4 -> Pisos y Acabados
A4: Item: | B4: =+PTTO!B5 -> Enchape Pisos en porcelanato 60x120 trafico 4 | I4: Unidad: | J4: =+PTTO!C5 -> m2
A5: =+PTTO!A5 -> 1.1
B6: 1. EQUIPO
A7: Código | B7: DESCRIPCION | D7: TIPO | E7: TARIFA H/D | F7: UND | G7: CANTIDAD | H7: RENDIMNTO | I7: VR. UNITARIO
A8: E1 | B8: Herramienta menor | D8: Manual | E8: 15000 | F8: HR | G8: 1 | H8: 5 | I8: =IFERROR(E8*G8/H8, "") -> 3000
A9: E11
I11: =IFERROR(E11*G11/H11, "")
I12: SUBTOTAL $ | J12: =SUM(I8:I11) -> 3000
B13: 2. MATERIALES
A14: Código | B14: DESCRIPCION | D14: UND | E14: PRECIO UNIT. | F14: % DESP. | G14: CANTIDAD | H14: VR. UNITARIO
B15: Porcelanato 60x120 | D15: m2 | E15: =109900*1.3 -> 142870 | F15: 0.05 | G15: 1 | H15: =IFERROR(E15*G15*(1+F15), "") -> 150013.5
A16: M15 | B16: Pegante pegacolr o similar | D16: kg | E16: 1500 | F16: 0.05 | G16: 10 | H16: =IFERROR(E16*G16*(1+F16), "") -> 15750
B17: boquilla | D17: kg | E17: 15000 | F17: 0.05 | G17: 0.05 | H17: =IFERROR(E17*G17*(1+F17), "") -> 787.5
I18: SUBTOTAL $ | J18: =SUM(H15:H17) -> 166551
B19: 3, TRANSPORTE
A20: Código | B20: MATERIAL | D20: UND | E20: CANTIDAD | F20: DIST. KM | G20: TARIFA | H20: VR. UNITARIO
B23: =B17 -> boquilla
I24: SUBTOTAL $ | J24: =SUM(H21:H23) -> 0
B25: 4. MANO DE OBRA
A26: Código | B26: TRABAJADOR | D26: CANTIDAD | E26: /H | F26: PRESTAC. | G26: JORN. TOTAL | H26: RENDIMNTO | I26: VR. UNIT.
A28: O | B28: =+'MANO DE OBRA'!A80 -> CUADRILLA "BB" (Instalaciones) | D28: 1 | E28: =+'MANO DE OBRA'!D90 -> 48992.51 | F28: 1.84 | G28: =+E28*F28*D28 -> 90146.22 | H28: 2 | I28: =+G28/H28 -> 45073.11
I29: =IFERROR(F29/H29, "")
I30: SUBTOTAL $ | J30: =SUM(I27:I29) -> 45073.11
G32: COSTOS DIRECTOS $ | J32: =ROUND(+J12+J18+J24+J30,0) -> 214624
B36: Elaboro | C36: Ing. Lina Mejia Ramos
C37: CPS INFRAESTRUCTURA
B41: Aprobo | C41: Sandra Renoga Tellez
C42: Secretario de Planeación e Infraestructura

Sheet 1.2 GUARDAESCOBAS
A1: ANALISIS DE PRECIOS UNITARIOS
A2: =+PTTO!A1 -> CONSTRUCCIÓN DE OBRAS COMPLEMENTARIAS PARA LA PUESTA EN FUNCIONAMIENTO DE LA SEDE ADMINISTRATIVA DE LA SECRETARÍA DE TRÁNSITO Y TRANSPORTE DEL MUNICIPIO DE SAN MARTÍN, CESAR
A3: =+PTTO!B4 -> Pisos y Acabados
A4: Item: | B4: =+PTTO!B6 -> Guardaescobas Pisos en cporcelanato 60x120 trafico 4 | I4: Unidad: | J4: =+PTTO!C6 -> ml
A5: =+PTTO!A6 -> 1.2
B6: 1. EQUIPO
A7: Código | B7: DESCRIPCION | D7: TIPO | E7: TARIFA H/D | F7: UND | G7: CANTIDAD | H7: RENDIMNTO | I7: VR. UNITARIO
A8: E1 | B8: Herramienta menor | D8: Manual | E8: 15000 | F8: HR | G8: 1 | H8: 10 | I8: =IFERROR(E8*G8/H8, "") -> 1500
A9: E11
I11: =IFERROR(E11*G11/H11, "")
I12: SUBTOTAL $ | J12: =SUM(I8:I11) -> 1500
B13: 2. MATERIALES
A14: Código | B14: DESCRIPCION | D14: UND | E14: PRECIO UNIT. | F14: % DESP. | G14: CANTIDAD | H14: VR. UNITARIO
B15: Porcelanato h;0,10 | D15: ml | E15: =65000/6 -> 10833.33 | F15: 0.05 | G15: 1 | H15: =IFERROR(E15*G15*(1+F15), "") -> 11375
A16: M15 | B16: Pegante pegacor o similar | D16: kg | E16: 1500 | F16: 0.05 | G16: 3 | H16: =IFERROR(E16*G16*(1+F16), "") -> 4725
B17: boquilla | D17: kg | E17: 15000 | F17: 0.05 | G17: 0.01 | H17: =IFERROR(E17*G17*(1+F17), "") -> 157.5
I18: SUBTOTAL $ | J18: =SUM(H15:H17) -> 16257.5
B19: 3, TRANSPORTE
A20: Código | B20: MATERIAL | D20: UND | E20: CANTIDAD | F20: DIST. KM | G20: TARIFA | H20: VR. UNITARIO
B23: =B17 -> boquilla
I24: SUBTOTAL $ | J24: =SUM(H21:H23) -> 0
B25: 4. MANO DE OBRA
A26: Código | B26: TRABAJADOR | D26: CANTIDAD | E26: JORNAL/hr | F26: PRESTAC. | G26: JORN. TOTAL | H26: RENDIMNTO | I26: VR. UNIT.
A28: O | B28: =+'MANO DE OBRA'!A80 -> CUADRILLA "BB" (Instalaciones) | D28: 1 | E28: =+'MANO DE OBRA'!D90 -> 48992.51 | F28: 1.84 | G28: =+E28*F28*D28 -> 90146.22 | H28: 18 | I28: =+G28/H28 -> 5008.12
A29: A
I30: =IFERROR(F30/H30, "")
I31: SUBTOTAL $ | J31: =SUM(I27:I30) -> 5008.12
G33: COSTOS DIRECTOS $ | J33: =ROUND(+J12+J18+J24+J31,0) -> 22766
B37: Elaboro | C37: Ing. Lina Mejia Ramos
C38: CPS INFRAESTRUCTURA
B42: Aprobo | C42: Sandra Renoga Tellez
C43: Secretario de Planeación e Infraestructura

Sheet 1.3 PISO CONCRETO PARQ.
A1: ANALISIS DE PRECIOS UNITARIOS
A2: =+PTTO!A1 -> CONSTRUCCIÓN DE OBRAS COMPLEMENTARIAS PARA LA PUESTA EN FUNCIONAMIENTO DE LA SEDE ADMINISTRATIVA DE LA SECRETARÍA DE TRÁNSITO Y TRANSPORTE DEL MUNICIPIO DE SAN MARTÍN, CESAR
A3: =+PTTO!B4 -> Pisos y Acabados
A4: Item: | B4: =+PTTO!B7 -> Piso parqueadero en en concreto de 3000 psi e:0,15 | I4: Unidad: | J4: =+PTTO!C7 -> m2
A5: =+PTTO!A7 -> 1.3
B6: 1. EQUIPO
A7: Código | B7: DESCRIPCION | D7: TIPO | E7: TARIFA H/D | F7: UND | G7: CANTIDAD | H7: RENDIMNTO | I7: VR. UNITARIO
A8: E1 | B8: Herramienta menor | D8: Manual | E8: 15000 | F8: HR | G8: 1 | H8: 6 | I8: =IFERROR(E8*G8/H8, "") -> 2500
A9: E11 | B9: formaleta | D9: Manual | E9: 5000 | F9: dia | G9: 1 | H9: 1 | I9: =IFERROR(E9*G9/H9, "") -> 5000
B10: vibro manual | D10: Manual | E10: 75000 | F10: dia | G10: 1 | H10: 8 | I10: =IFERROR(E10*G10/H10, "") -> 9375
I11: =IFERROR(E11*G11/H11, "")
I12: SUBTOTAL $ | J12: =SUM(I8:I11) -> 16875
B13: 2. MATERIALES
A14: Código | B14: DESCRIPCION | D14: UND | E14: PRECIO UNIT. | F14: % DESP. | G14: CANTIDAD | H14: VR. UNITARIO
B15: =+'CONCRETOS Y MORTEROS'!B73 -> Concreto 3.000 psi | D15: m3 | E15: =+'CONCRETOS Y MORTEROS'!G70 -> 708210 | G15: =1*0.15 -> 0.15 | H15: =IFERROR(E15*G15*(1+F15), "") -> 106231.5
A16: M15 | B16: MALLA ELECTROSOLDADA Q7 | D16: M2 | E16: 32269 | G16: 1 | H16: =IFERROR(E16*G16*(1+F16), "") -> 32269
I18: SUBTOTAL $ | J18: =SUM(H15:H17) -> 138500.5
B19: 3, TRANSPORTE
A20: Código | B20: MATERIAL | D20: UND | E20: CANTIDAD | F20: DIST. KM | G20: TARIFA | H20: VR. UNITARIO
B23: =B17 -> 0
I24: SUBTOTAL $ | J24: =SUM(H21:H23) -> 0
B25: 4. MANO DE OBRA
A26: Código | B26: TRABAJADOR | D26: CANTIDAD | E26: JORNAL/H | F26: PRESTAC. | G26: JORN. TOTAL | H26: RENDIMNTO | I26: VR. UNIT.
A28: O | B28: =+'MANO DE OBRA'!A68 -> CUADRILLA "AA" (Albañileria) | D28: 1 | E28: =+'MANO DE OBRA'!D78 -> 44538.65 | F28: 1.84 | G28: =+E28*F28*D28 -> 81951.12 | H28: 1 | I28: =+G28/H28 -> 81951.12
A29: A
I30: =IFERROR(F30/H30, "")
I31: SUBTOTAL $ | J31: =SUM(I27:I30) -> 81951.12
G33: COSTOS DIRECTOS $ | J33: =ROUND(+J12+J18+J24+J31,0) -> 237327
B37: Elaboro | C37: Ing. Lina Mejia Ramos
C38: CPS INFRAESTRUCTURA
B42: Aprobo | C42: Sandra Renoga Tellez
C43: Secretario de Planeación e Infraestructura

Sheet 1.4 TAPAS CONCRETO
A1: ANALISIS DE PRECIOS UNITARIOS
A2: =+PTTO!A1 -> CONSTRUCCIÓN DE OBRAS COMPLEMENTARIAS PARA LA PUESTA EN FUNCIONAMIENTO DE LA SEDE ADMINISTRATIVA DE LA SECRETARÍA DE TRÁNSITO Y TRANSPORTE DEL MUNICIPIO DE SAN MARTÍN, CESAR
A3: =+PTTO!B4 -> Pisos y Acabados
A4: Item: | B4: =+PTTO!B8 -> Tapas en concreto canal de aguas lluvias e:0,20 | I4: Unidad: | J4: =+PTTO!C8 -> m2
A5: =+PTTO!A8 -> 1.4
B6: 1. EQUIPO
A7: Código | B7: DESCRIPCION | D7: TIPO | E7: TARIFA H/D | F7: UND | G7: CANTIDAD | H7: RENDIMNTO | I7: VR. UNITARIO
A8: E1 | B8: Herramienta menor | D8: Manual | E8: 15000 | F8: HR | G8: 1 | H8: 6 | I8: =IFERROR(E8*G8/H8, "") -> 2500
A9: E11 | B9: formaleta | D9: Manual | E9: 5000 | F9: dia | G9: 1 | H9: 3 | I9: =IFERROR(E9*G9/H9, "") -> 1666.67
B10: vibro manual | D10: Manual | E10: 75000 | F10: dia | G10: 1 | H10: 20 | I10: =IFERROR(E10*G10/H10, "") -> 3750
I11: =IFERROR(E11*G11/H11, "")
I12: SUBTOTAL $ | J12: =SUM(I8:I11) -> 7916.67
B13: 2. MATERIALES
A14: Código | B14: DESCRIPCION | D14: UND | E14: PRECIO UNIT. | F14: % DESP. | G14: CANTIDAD | H14: VR. UNITARIO
B15: =+'CONCRETOS Y MORTEROS'!B73 -> Concreto 3.000 psi | D15: m3 | E15: =+'CONCRETOS Y MORTEROS'!G85 -> 687250 | G15: =1*0.2 -> 0.2 | H15: =IFERROR(E15*G15*(1+F15), "") -> 137450
A16: M15 | B16: Acero de 60000psi | D16: kg | E16: 11000 | G16: 4 | H16: =IFERROR(E16*G16*(1+F16), "") -> 44000
I18: SUBTOTAL $ | J18: =SUM(H15:H17) -> 181450
B19: 3, TRANSPORTE
A20: Código | B20: MATERIAL | D20: UND | E20: CANTIDAD | F20: DIST. KM | G20: TARIFA | H20: VR. UNITARIO
B23: =B17 -> 0
I24: SUBTOTAL $ | J24: =SUM(H21:H23) -> 0
B25: 4. MANO DE OBRA
A26: Código | B26: TRABAJADOR | D26: CANTIDAD | E26: JORNAL/H | F26: PRESTAC. | G26: JORN. TOTAL | H26: RENDIMNTO | I26: VR. UNIT.
A28: O | B28: =+'MANO DE OBRA'!A68 -> CUADRILLA "AA" (Albañileria) | D28: 1 | E28: =+'MANO DE OBRA'!D78 -> 44538.65 | F28: 1.84 | G28: =+E28*F28*D28 -> 81951.12 | H28: 3 | I28: =+G28/H28 -> 27317.04
A29: A
I30: =IFERROR(F30/H30, "")
I31: SUBTOTAL $ | J31: =SUM(I27:I30) -> 27317.04
G33: COSTOS DIRECTOS $ | J33: =ROUND(+J12+J18+J24+J31,0) -> 216684
B37: Elaboro | C37: Ing. Lina Mejia Ramos
C38: CPS INFRAESTRUCTURA
B42: Aprobo | C42: Sandra Renoga Tellez
C43: Secretario de Planeación e Infraestructura

Sheet 2.1 AA 36000 BTU
A1: ANALISIS DE PRECIOS UNITARIOS
A2: =+PTTO!A1 -> CONSTRUCCIÓN DE OBRAS COMPLEMENTARIAS PARA LA PUESTA EN FUNCIONAMIENTO DE LA SEDE ADMINISTRATIVA DE LA SECRETARÍA DE TRÁNSITO Y TRANSPORTE DEL MUNICIPIO DE SAN MARTÍN, CESAR
A3: =+PTTO!B11 -> Aparatos
A4: Item: | B4: =+PTTO!B12 -> Aire acondicionado de 36000 btu | I4: Unidad: | J4: und
A5: =+PTTO!A12 -> 2.1 | G5: 397900
B6: 1. EQUIPO
A7: Código | B7: DESCRIPCION | D7: TIPO | E7: TARIFA H/D | F7: UND | G7: CANTIDAD | H7: RENDIMNTO | I7: VR. UNITARIO
A8: E1 | B8: Herramienta menor | D8: Manual | E8: 5000 | F8: DD | G8: 1 | H8: 2 | I8: 2500
I11: SUBTOTAL $ | J11: 2500
B12: 2. MATERIALES
A13: Código | B13: DESCRIPCION | D13: UND | E13: PRECIO UNIT. | F13: % DESP. | G13: CANTIDAD | H13: VR. UNITARIO
B14: Aa. Inverter 360000 btu | D14: UND | E14: =5397900*1.3 -> 7017270 | G14: 1 | H14: =+G14*E14+(E14*G14*F14) -> 7017270
B15: Accesorios anclaje y soporte Equipo AA tipo piso techo | D15: un | E15: 304227 | F15: 0.05 | G15: 1 | H15: =+G15*E15+(E15*G15*F15) -> 319438.35
B16: Tubo cobre 3/8" Líquido 36.000 BTU. | D16: ml | E16: 44525 | F16: 0.05 | G16: 5 | H16: =+G16*E16+(E16*G16*F16) -> 233756.25
B17: Gas refrigerante R.410A | D17: Lb | E17: 24272 | F17: 0.05 | G17: 5 | H17: =+G17*E17+(E17*G17*F17) -> 127428
B18: Desagüe 1" para A.A | D18: un | E18: 51589 | F18: 0.05 | G18: 1 | H18: =+G18*E18+(E18*G18*F18) -> 54168.45
B19: Tubo PVC 1" con rubatex Drenaje, | D19: ml | E19: 51589 | F19: 0.05 | G19: 5 | H19: =+G19*E19+(E19*G19*F19) -> 270842.25
B20: Acometida Eléctrica 2×8+10T AWG para Alimentación de Condensadora. | D20: ml | E20: 50855 | F20: 0.05 | G20: 5 | H20: =+G20*E20+(E20*G20*F20) -> 266988.75
B21: Cable de fuerza y señal de condensadora a manejadoras | D21: ml | E21: 24452 | F21: 0.05 | G21: 5 | H21: =+G21*E21+(E21*G21*F21) -> 128373
B22: Coraza LT 1". | D22: ml | E22: 46723 | F22: 0.05 | G22: 1 | H22: =+G22*E22+(E22*G22*F22) -> 49059.15
B23: Toma y Clavija IP67 3 × 63A para Condensadora. | D23: un | E23: 50705 | F23: 0.05 | G23: 1 | H23: =+G23*E23+(E23*G23*F23) -> 53240.25
B24: Toma y clavija de seguridad 3×30A para Manejadora | D24: un | E24: 290233 | F24: 0.05 | G24: 1 | H24: =+G24*E24+(E24*G24*F24) -> 304744.65
I25: SUBTOTAL $ | J25: =SUM(H14:H21) -> 8418265.1
B26: 3, TRANSPORTE
A27: Código | B27: MATERIAL | D27: UND | E27: CANTIDAD | F27: DIST. KM | G27: TARIFA | H27: VR. UNITARIO
B28: Materiales varios | D28: UND | E28: 1 | G28: 30000 | H28: 30000
I29: SUBTOTAL $ | J29: 30000
A30: Código | B30: TRABAJADOR | D30: CANTIDAD | E30: JORNAL/H | F30: PRESTAC. | G30: JORN. TOTAL | H30: RENDIMNTO | I30: VR. UNIT.
A32: L | B32: =+'MANO DE OBRA'!A80 -> CUADRILLA "BB" (Instalaciones) | D32: 1 | E32: =+'MANO DE OBRA'!D90 -> 48992.51 | F32: =+'MANO DE OBRA'!E40 -> 1.85 | G32: =+F32*E32 -> 90636.14 | H32: 0.2 | I32: =+G32/H32 -> 453180.7
A33: AL
H34: 0.1 | I34: SUBTOTAL $ | J34: =SUM(I32:I33) -> 453180.7
G37: COSTOS DIRECTOS $ | J37: =+J34+J29+J25+J11 -> 8903945.8
B40: Elaboro | C40: Ing. Lina Mejia Ramos
C41: CPS INFRAESTRUCTURA
B45: Aprobo | C45: Sandra Renoga Tellez
C46: Secretario de Planeación e Infraestructura

Sheet 3.1 PUERTAS
A1: ANALISIS DE PRECIOS UNITARIOS
A2: =+PTTO!A1 -> CONSTRUCCIÓN DE OBRAS COMPLEMENTARIAS PARA LA PUESTA EN FUNCIONAMIENTO DE LA SEDE ADMINISTRATIVA DE LA SECRETARÍA DE TRÁNSITO Y TRANSPORTE DEL MUNICIPIO DE SAN MARTÍN, CESAR
A3: =+PTTO!B14 -> Carpinteria Metalica y de madera
A4: Item: | B4: =+PTTO!B15 -> Puertas metalica calibre 20 chapa 1,00x 2,00 h puerta salida parqueadero | I4: Unidad: | J4: =+PTTO!C15 -> M2
A5: =+PTTO!A15 -> 3.1
B6: 1. EQUIPO
A7: Código | B7: DESCRIPCION | D7: TIPO | E7: TARIFA H/D | F7: UND | G7: CANTIDAD | H7: RENDIMNTO | I7: VR. UNITARIO
A8: E1 | B8: Herramienta menor | D8: Manual | E8: 100000 | F8: DD | G8: 1 | H8: 10 | I8: =IFERROR(E8*G8/H8, "") -> 10000
B9: Compresor | D9: Eléct | E9: 30000 | F9: DD | G9: 1 | H9: 4 | I9: =IFERROR(E9*G9/H9, "") -> 7500
B10: Equipo de soldadura | D10: Eléct | E10: 55000 | F10: DD | G10: 1 | H10: 6 | I10: =IFERROR(E10*G10/H10, "") -> 9166.67
I11: SUBTOTAL $ | J11: =SUM(I8:I10) -> 26666.67
B12: 2. MATERIALES
A13: Código | B13: DESCRIPCION | D13: UND | E13: PRECIO UNIT. | F13: % DESP. | G13: CANTIDAD | H13: VR. UNITARIO
B14: Puerta metalica Cal 18 | D14: M2 | E14: 255000 | F14: 0.05 | G14: 1 | H14: =IFERROR(E14*G14*(1+F14), "") -> 267750
B15: Esmalte sintético | D15: GL | E15: 72000 | F15: 0.05 | G15: 0.05 | H15: =IFERROR(E15*G15*(1+F15), "") -> 3780
B16: Thiner | D16: LT | E16: 12500 | F16: 0.05 | G16: 0.095 | H16: =IFERROR(E16*G16*(1+F16), "") -> 1246.88
B17: Lija de agua No. 120 | D17: UN | E17: 25000 | F17: 0.05 | G17: 0.1 | H17: =IFERROR(E17*G17*(1+F17), "") -> 2625
B18: chapa seguirdad yale o similar | D18: un | E18: 100000 | F18: 0.05 | G18: 1 | H18: =IFERROR(E18*G18*(1+F18), "") -> 105000
B19: Anticorrosivo | D19: GL | E19: 72000 | F19: 0.05 | G19: 0.04 | H19: =IFERROR(E19*G19*(1+F19), "") -> 3024
I20: SUBTOTAL $ | J20: =SUM(H14:H19) -> 383425.88
B21: 3, TRANSPORTE
A22: Código | B22: MATERIAL | D22: UND | E22: CANTIDAD | F22: DIST. KM | G22: TARIFA | H22: VR. UNITARIO
B24: TRANPORTE | D24: M2 | E24: 1 | F24: 5 | G24: 500 | H24: =+G24*F24*E24 -> 2500
I27: SUBTOTAL $ | J27: =+H26+H25+H24 -> 2500
B28: 4. MANO DE OBRA
A29: Código | B29: TRABAJADOR | D29: CANTIDAD | E29: JORNAL/H | F29: PRESTAC. | G29: JORN. TOTAL | H29: RENDIMNTO | I29: VR. UNIT.
A31: L | B31: =+'MANO DE OBRA'!A104 -> CUADRILLA "DD" (Carpinterias) | D31: 1 | E31: =+'MANO DE OBRA'!D114 -> 53446.38 | F31: =+'MANO DE OBRA'!E40 -> 1.85 | G31: =D31*E31*F31 -> 98875.8 | H31: 0.4 | I31: =+G31/H31 -> 247189.5
A32: AL
I33: SUBTOTAL $ | J33: =SUM(I30:I32) -> 247189.5
G35: COSTOS DIRECTOS $ | J35: =SUM(J11:J33) -> 659782.05
B39: Elaboro | C39: Ing. Lina Mejia Ramos
C40: CPS INFRAESTRUCTURA
B44: Aprobo | C44: Sandra Renoga Tellez
C45: Secretario de Planeación e Infraestructura

Sheet 3.2 PUERTA RH 1
A1: ANALISIS DE PRECIOS UNITARIOS
A2: =+PTTO!A1 -> CONSTRUCCIÓN DE OBRAS COMPLEMENTARIAS PARA LA PUESTA EN FUNCIONAMIENTO DE LA SEDE ADMINISTRATIVA DE LA SECRETARÍA DE TRÁNSITO Y TRANSPORTE DEL MUNICIPIO DE SAN MARTÍN, CESAR
A3: =+PTTO!B14 -> Carpinteria Metalica y de madera
A4: Item: | B4: =+PTTO!B16 -> Puertas en Rh con melamina incluye chapa 1,00x 2,00 h | I4: Unidad: | J4: =+PTTO!C16 -> M2
A5: =+PTTO!A16 -> 3.2
B6: 1. EQUIPO
A7: Código | B7: DESCRIPCION | D7: TIPO | E7: TARIFA H/D | F7: UND | G7: CANTIDAD | H7: RENDIMNTO | I7: VR. UNITARIO
A8: E1 | B8: Herramienta menor | D8: Manual | E8: 100000 | F8: DD | G8: 1 | H8: 10 | I8: =IFERROR(E8*G8/H8, "") -> 10000
B9: Compresor | D9: Eléct | E9: 30000 | F9: DD | G9: 1 | H9: 4 | I9: =IFERROR(E9*G9/H9, "") -> 7500
B10: herramienta de corte | D10: Eléct | E10: 55000 | F10: DD | G10: 1 | H10: 6 | I10: =IFERROR(E10*G10/H10, "") -> 9166.67
I11: SUBTOTAL $ | J11: =SUM(I8:I10) -> 26666.67
B12: 2. MATERIALES
A13: Código | B13: DESCRIPCION | D13: UND | E13: PRECIO UNIT. | F13: % DESP. | G13: CANTIDAD | H13: VR. UNITARIO
B14: marco en RH super Muff melaminico | D14: ml | E14: 75000 | G14: 2 | H14: =IFERROR(E14*G14*(1+F14), "") -> 150000
B15: Hoja en lamina RH SUPER MUFF con melaminico | D15: m2 | E15: 190000 | G15: 1 | H15: =IFERROR(E15*G15*(1+F15), "") -> 190000
B16: accesorios y herrajes | D16: GL | E16: 150000 | G16: 1 | H16: =IFERROR(E16*G16*(1+F16), "") -> 150000
I19: SUBTOTAL $ | J19: =SUM(H14:H18) -> 490000
B20: 3, TRANSPORTE
A21: Código | B21: MATERIAL | D21: UND | E21: CANTIDAD | F21: DIST. KM | G21: TARIFA | H21: VR. UNITARIO
B23: TRANPORTE | D23: M2 | E23: 1 | F23: 5 | G23: 500 | H23: =+G23*F23*E23 -> 2500
I26: SUBTOTAL $ | J26: =+H25+H24+H23 -> 2500
B27: 4. MANO DE OBRA
A28: Código | B28: TRABAJADOR | D28: CANTIDAD | E28: JORNAL | F28: PRESTAC. | G28: JORN. TOTAL | H28: RENDIMNTO | I28: VR. UNIT.
A30: L | B30: =+'3.1 PUERTAS'!B31:C31 -> CUADRILLA "DD" (Carpinterias) | D30: 1 | E30: =+'3.1 PUERTAS'!E31 -> 53446.38 | F30: 1.84 | G30: =D30*E30*F30 -> 98341.34 | H30: 0.5 | I30: =+G30/H30 -> 196682.68
A31: AL
I32: SUBTOTAL $ | J32: =SUM(I29:I31) -> 196682.68
G34: COSTOS DIRECTOS $ | J34: =SUM(J11:J32) -> 715849.35
B38: Elaboro | C38: Ing. Lina Mejia Ramos
C39: CPS INFRAESTRUCTURA
B43: Aprobo | C43: Sandra Renoga Tellez
C44: Secretario de Planeación e Infraestructura

Sheet 3.3 PUERTA RH ,7 
A1: ANALISIS DE PRECIOS UNITARIOS
A2: =+PTTO!A1 -> CONSTRUCCIÓN DE OBRAS COMPLEMENTARIAS PARA LA PUESTA EN FUNCIONAMIENTO DE LA SEDE ADMINISTRATIVA DE LA SECRETARÍA DE TRÁNSITO Y TRANSPORTE DEL MUNICIPIO DE SAN MARTÍN, CESAR
A3: =+PTTO!B14 -> Carpinteria Metalica y de madera
A4: Item: | B4: =+PTTO!B17 -> Puertas en Rh con melamina incluye chapa 70x 2,00 h | I4: Unidad: | J4: =+PTTO!C17 -> M2
A5: =+PTTO!A17 -> 3.3
B6: 1. EQUIPO
A7: Código | B7: DESCRIPCION | D7: TIPO | E7: TARIFA H/D | F7: UND | G7: CANTIDAD | H7: RENDIMNTO | I7: VR. UNITARIO
A8: E1 | B8: Herramienta menor | D8: Manual | E8: 100000 | F8: DD | G8: 1 | H8: 10 | I8: =IFERROR(E8*G8/H8, "") -> 10000
B9: Compresor | D9: Eléct | E9: 30000 | F9: DD | G9: 1 | H9: 4 | I9: =IFERROR(E9*G9/H9, "") -> 7500
B10: herramienta de corte | D10: Eléct | E10: 55000 | F10: DD | G10: 1 | H10: 6 | I10: =IFERROR(E10*G10/H10, "") -> 9166.67
I11: SUBTOTAL $ | J11: =SUM(I8:I10) -> 26666.67
B12: 2. MATERIALES
A13: Código | B13: DESCRIPCION | D13: UND | E13: PRECIO UNIT. | F13: % DESP. | G13: CANTIDAD | H13: VR. UNITARIO
B14: marco en RH super Muff melaminico | D14: ml | E14: 75000 | G14: 0.7 | H14: =IFERROR(E14*G14*(1+F14), "") -> 52500
B15: Hoja en lamina RH SUPER MUFF con melaminico | D15: m2 | E15: 190000 | G15: 1 | H15: =IFERROR(E15*G15*(1+F15), "") -> 190000
B16: accesorios y herrajes | D16: GL | E16: 150000 | G16: 1 | H16: =IFERROR(E16*G16*(1+F16), "") -> 150000
I19: SUBTOTAL $ | J19: =SUM(H14:H18) -> 392500
B20: 3, TRANSPORTE
A21: Código | B21: MATERIAL | D21: UND | E21: CANTIDAD | F21: DIST. KM | G21: TARIFA | H21: VR. UNITARIO
B23: TRANPORTE | D23: M2 | E23: 1 | F23: 5 | G23: 500 | H23: =+G23*F23*E23 -> 2500
I26: SUBTOTAL $ | J26: =+H25+H24+H23 -> 2500
B27: 4. MANO DE OBRA
A28: Código | B28: TRABAJADOR | D28: CANTIDAD | E28: JORNAL | F28: PRESTAC. | G28: JORN. TOTAL | H28: RENDIMNTO | I28: VR. UNIT.
A30: L | B30: =+'3.1 PUERTAS'!B31:C31 -> CUADRILLA "DD" (Carpinterias) | D30: 1 | E30: =+'3.1 PUERTAS'!E31 -> 53446.38 | F30: 1.84 | G30: =D30*E30*F30 -> 98341.34 | H30: 0.5 | I30: =+G30/H30 -> 196682.68
A31: AL
I32: SUBTOTAL $ | J32: =SUM(I29:I31) -> 196682.68
G34: COSTOS DIRECTOS $ | J34: =SUM(J11:J32) -> 618349.35
B38: Elaboro | C38: Ing. Lina Mejia Ramos
C39: CPS INFRAESTRUCTURA
B43: Aprobo | C43: Sandra Renoga Tellez
C44: Secretario de Planeación e Infraestructura

Sheet 3.4 DIVISION OFC
A1: ANALISIS DE PRECIOS UNITARIOS
A2: =+PMA!B5 -> CONSTRUCCIÓN DE OBRAS COMPLEMENTARIAS PARA LA PUESTA EN FUNCIONAMIENTO DE LA SEDE ADMINISTRATIVA DE LA SECRETARÍA DE TRÁNSITO Y TRANSPORTE DEL MUNICIPIO DE SAN MARTÍN, CESAR
A3: =+PTTO!B14 -> Carpinteria Metalica y de madera
A4: Item: | B4: =+PTTO!B18 -> Divisiones de oficIna en paño y estructura metalica y vidrio. | I4: Unidad: | J4: =+PTTO!C18 -> m2
A5: =+PTTO!A18 -> 3.4
B6: 1. EQUIPO
A7: Código | B7: DESCRIPCION | D7: TIPO | E7: TARIFA H/D | F7: UND | G7: CANTIDAD | H7: RENDIMNTO | I7: VR. UNITARIO
A8: E1 | B8: Herramienta menor | D8: Manual | E8: 100000 | F8: DD | G8: 1 | H8: 10 | I8: =IFERROR(E8*G8/H8, "") -> 10000
B9: herramienta de corte | D9: Eléct | E9: 55000 | F9: DD | G9: 1 | H9: 6 | I9: =IFERROR(E9*G9/H9, "") -> 9166.67
I10: SUBTOTAL $ | J10: =SUM(I8:I9) -> 19166.67
B11: 2. MATERIALES
A12: Código | B12: DESCRIPCION | D12: UND | E12: PRECIO UNIT. | F12: % DESP. | G12: CANTIDAD | H12: VR. UNITARIO
B13: Perfilería en aluminio arquitectónico (incluye sillar, jamba, cabezal, pisavidrios, tubulares) | D13: ml | E13: 38000 | G13: 3.5 | H13: =IFERROR(E13*G13*(1+F13), "") -> 133000
B14: Vidrio esmerilado / sandblasting (4mm - 5mm) | D14: m2 | E14: 95000 | G14: 0.4 | H14: =IFERROR(E14*G14*(1+F14), "") -> 38000
B15: Panel ciego de melamina/madera aglomerada (15mm) | D15: m2 | E15: 95000 | G15: 0.8 | H15: =IFERROR(E15*G15*(1+F15), "") -> 76000
B16: Empaque de neopreno / vinilo | D16: ml | E16: 1500 | G16: 4 | H16: =IFERROR(E16*G16*(1+F16), "") -> 6000
B17: Accesorios de fijación (chazos, tornillos, remaches) | D17: gl | E17: 4500 | G17: 1 | H17: =IFERROR(E17*G17*(1+F17), "") -> 4500
B18: Sellante (Silicona antihongos) | D18: cartucho | E18: 25000 | G18: 0.15 | H18: =IFERROR(E18*G18*(1+F18), "") -> 3750
B19: Prorrateo de herrajes de puerta (bisagras, cerradura de pomo | D19: gl | E19: 4500 | G19: 1 | H19: =IFERROR(E19*G19*(1+F19), "") -> 4500
B20: chapa de bola | D20: unD | E20: 85000 | G20: 0.2 | H20: =IFERROR(E20*G20*(1+F20), "") -> 17000
I21: SUBTOTAL $ | J21: =SUM(H13:H20) -> 282750
B22: 3, TRANSPORTE
A23: Código | B23: MATERIAL | D23: UND | E23: CANTIDAD | F23: DIST. KM | G23: TARIFA | H23: VR. UNITARIO
B25: TRANPORTE | D25: M2 | E25: 1 | F25: 45 | G25: 1800 | H25: =+G25*F25*E25 -> 81000
I28: SUBTOTAL $ | J28: =+H27+H26+H25 -> 81000
B29: 4. MANO DE OBRA
A30: Código | B30: TRABAJADOR | D30: CANTIDAD | E30: JORNAL | F30: PRESTAC. | G30: JORN. TOTAL | H30: RENDIMNTO | I30: VR. UNIT.
A32: L | B32: =+'3.1 PUERTAS'!B31:C31 -> CUADRILLA "DD" (Carpinterias) | D32: 1 | E32: =+'3.1 PUERTAS'!E31 -> 53446.38 | F32: 1.84 | G32: =D32*E32*F32 -> 98341.34 | H32: 0.2 | I32: =+G32/H32 -> 491706.7
A33: AL
I34: SUBTOTAL $ | J34: =SUM(I31:I33) -> 491706.7
G36: COSTOS DIRECTOS $ | J36: =SUM(J10:J34) -> 874623.37
B40: Elaboro | C40: Ing. Lina Mejia Ramos
C41: CPS INFRAESTRUCTURA
B45: Aprobo | C45: Sandra Renoga Tellez
C46: Secretario de Planeación e Infraestructura

Sheet 3.56 REVESTIMIENTO
A1: ANALISIS DE PRECIOS UNITARIOS
A2: =+PTTO!A1 -> CONSTRUCCIÓN DE OBRAS COMPLEMENTARIAS PARA LA PUESTA EN FUNCIONAMIENTO DE LA SEDE ADMINISTRATIVA DE LA SECRETARÍA DE TRÁNSITO Y TRANSPORTE DEL MUNICIPIO DE SAN MARTÍN, CESAR
A3: =+PTTO!B14 -> Carpinteria Metalica y de madera
A4: Item: | B4: =+PTTO!B19 -> Suministro e intalacion de Panel para Revestimiento Exterior en WPC Nast Ex 10 X 290 X 5 cm | I4: Unidad: | J4: =+PTTO!C19 -> ml
A5: =+PTTO!A19 -> 3.5
B6: 1. EQUIPO
A7: Código | B7: DESCRIPCION | D7: TIPO | E7: TARIFA H/D | F7: UND | G7: CANTIDAD | H7: RENDIMNTO | I7: VR. UNITARIO
A8: E1 | B8: Herramienta menor | D8: Manual | E8: 100000 | F8: DD | G8: 1 | H8: 8 | I8: =IFERROR(E8*G8/H8, "") -> 12500
B9: Equipo de soldadura | D9: Eléct | E9: 55000 | F9: DD | G9: 1 | H9: 6 | I9: =IFERROR(E9*G9/H9, "") -> 9166.67
I10: SUBTOTAL $ | J10: =SUM(I8:I9) -> 21666.67
B11: 2. MATERIALES
A12: Código | B12: DESCRIPCION | D12: UND | E12: PRECIO UNIT. | F12: % DESP. | G12: CANTIDAD | H12: VR. UNITARIO
B13: PANEL WPC 10X290X5 | D13: ML | E13: =55000*1.3 -> 71500 | G13: 1 | H13: =IFERROR(E13*G13*(1+F13), "") -> 71500
B14: ACCESORIOS | D14: UND | E14: 15000 | G14: 1 | H14: =IFERROR(E14*G14*(1+F14), "") -> 15000
I20: SUBTOTAL $ | J20: =SUM(H13:H19) -> 86500
B21: 3, TRANSPORTE
A22: Código | B22: MATERIAL | D22: UND | E22: CANTIDAD | F22: DIST. KM | G22: TARIFA | H22: VR. UNITARIO
B24: TRANPORTE | D24: M2 | E24: 1 | F24: 5 | G24: 500 | H24: =+G24*F24*E24 -> 2500
I27: SUBTOTAL $ | J27: =+H26+H25+H24 -> 2500
B28: 4. MANO DE OBRA
A29: Código | B29: TRABAJADOR | D29: CANTIDAD | E29: JORNAL | F29: PRESTAC. | G29: JORN. TOTAL | H29: RENDIMNTO | I29: VR. UNIT.
A31: L | B31: =+'3.1 PUERTAS'!B31:C31 -> CUADRILLA "DD" (Carpinterias) | D31: 1 | E31: =+'3.1 PUERTAS'!E31 -> 53446.38 | F31: 1.84 | G31: =D31*E31*F31 -> 98341.34 | H31: 3 | I31: =+G31/H31 -> 32780.45
A32: AL
I33: SUBTOTAL $ | J33: =SUM(I30:I32) -> 32780.45
G35: COSTOS DIRECTOS $ | J35: =SUM(J10:J33) -> 143447.12
B40: Elaboro | C40: Ing. Lina Mejia Ramos
C41: CPS INFRAESTRUCTURA
B45: Aprobo | C45: Sandra Renoga Tellez
C46: Secretario de Planeación e Infraestructura

Sheet 3.6 PORTON
A1: ANALISIS DE PRECIOS UNITARIOS
A2: =+PTTO!A1 -> CONSTRUCCIÓN DE OBRAS COMPLEMENTARIAS PARA LA PUESTA EN FUNCIONAMIENTO DE LA SEDE ADMINISTRATIVA DE LA SECRETARÍA DE TRÁNSITO Y TRANSPORTE DEL MUNICIPIO DE SAN MARTÍN, CESAR
A3: =+PTTO!B14 -> Carpinteria Metalica y de madera
A4: Item: | B4: =+PTTO!B20 -> Porton parqueadero en estructura metalica y WPC 10X290X5 | I4: Unidad: | J4: M2
A5: =+PTTO!A20 -> 3.6
B6: 1. EQUIPO
A7: Código | B7: DESCRIPCION | D7: TIPO | E7: TARIFA H/D | F7: UND | G7: CANTIDAD | H7: RENDIMNTO | I7: VR. UNITARIO
A8: E1 | B8: Herramienta menor | D8: Manual | E8: 100000 | F8: DD | G8: 1 | H8: 8 | I8: =IFERROR(E8*G8/H8, "") -> 12500
B9: Compresor | D9: Eléct | E9: 30000 | F9: DD | G9: 1 | H9: 4 | I9: =IFERROR(E9*G9/H9, "") -> 7500
B10: Equipo de soldadura | D10: Eléct | E10: 55000 | F10: DD | G10: 1 | H10: 6 | I10: =IFERROR(E10*G10/H10, "") -> 9166.67
I11: SUBTOTAL $ | J11: =SUM(I8:I10) -> 29166.67
B12: 2. MATERIALES
A13: Código | B13: DESCRIPCION | D13: UND | E13: PRECIO UNIT. | F13: % DESP. | G13: CANTIDAD | H13: VR. UNITARIO
B14: WPC | D14: ML | E14: =55000*1.3 -> 71500 | F14: 0.05 | G14: 2.6 | H14: =IFERROR(E14*G14*(1+F14), "") -> 195195
B15: Lamina perforada cal 16 según diseño | D15: m2 | E15: 350000 | F15: 0.05 | G15: 1 | H15: =IFERROR(E15*G15*(1+F15), "") -> 367500
B16: Esmalte sintético | D16: GL | E16: 72000 | F16: 0.05 | G16: 0.05 | H16: =IFERROR(E16*G16*(1+F16), "") -> 3780
B17: Thiner | D17: LT | E17: 12500 | F17: 0.05 | G17: 0.095 | H17: =IFERROR(E17*G17*(1+F17), "") -> 1246.88
B18: Lija de agua No. 120 | D18: UN | E18: 2500 | F18: 0.05 | G18: 0.1 | H18: =IFERROR(E18*G18*(1+F18), "") -> 262.5
B19: chapa seguirdad yale o similar | D19: un | E19: 100000 | F19: 0.05 | G19: 0.5 | H19: =IFERROR(E19*G19*(1+F19), "") -> 52500
B20: Anticorrosivo | D20: GL | E20: 72000 | F20: 0.05 | G20: 0.04 | H20: =IFERROR(E20*G20*(1+F20), "") -> 3024
I21: SUBTOTAL $ | J21: =SUM(H14:H20) -> 623508.38
B22: 3, TRANSPORTE
A23: Código | B23: MATERIAL | D23: UND | E23: CANTIDAD | F23: DIST. KM | G23: TARIFA | H23: VR. UNITARIO
B25: TRANSPORTE | D25: M2 | E25: 1 | F25: 5 | G25: 500 | H25: =+G25*F25*E25 -> 2500
I28: SUBTOTAL $ | J28: =+H27+H26+H25 -> 2500
B29: 4. MANO DE OBRA
A30: Código | B30: TRABAJADOR | D30: CANTIDAD | E30: JORNAL | F30: PRESTAC. | G30: JORN. TOTAL | H30: RENDIMNTO | I30: VR. UNIT.
A32: L | B32: =+'3.1 PUERTAS'!B31:C31 -> CUADRILLA "DD" (Carpinterias) | D32: 1 | E32: =+'3.1 PUERTAS'!E31 -> 53446.38 | F32: 1.84 | G32: =D32*E32*F32 -> 98341.34 | H32: 0.3 | I32: =+G32/H32 -> 327804.47
A33: AL
I34: SUBTOTAL $ | J34: =SUM(I31:I33) -> 327804.47
G36: COSTOS DIRECTOS $ | J36: =SUM(J11:J34) -> 982979.52
B41: Elaboro | C41: Ing. Lina Mejia Ramos
C42: CPS INFRAESTRUCTURA
B46: Aprobo | C46: Sandra Renoga Tellez
C47: Secretario de Planeación e Infraestructura

Sheet 3.7 PIEDRA
A1: ANALISIS DE PRECIOS UNITARIOS
A2: =+PTTO!A1 -> CONSTRUCCIÓN DE OBRAS COMPLEMENTARIAS PARA LA PUESTA EN FUNCIONAMIENTO DE LA SEDE ADMINISTRATIVA DE LA SECRETARÍA DE TRÁNSITO Y TRANSPORTE DEL MUNICIPIO DE SAN MARTÍN, CESAR
A3: =+PTTO!B14 -> Carpinteria Metalica y de madera
A4: Item: | B4: =+PTTO!B21 -> Enchape fachada en piedra tunguragua o similar | I4: Unidad: | J4: M2
A5: =+PTTO!A21 -> 3.7
B6: 1. EQUIPO
A7: Código | B7: DESCRIPCION | D7: TIPO | E7: TARIFA H/D | F7: UND | G7: CANTIDAD | H7: RENDIMNTO | I7: VR. UNITARIO
A8: E1 | B8: Herramienta menor | D8: Manual | E8: 100000 | F8: DD | G8: 1 | H8: 8 | I8: =IFERROR(E8*G8/H8, "") -> 12500
I9: SUBTOTAL $ | J9: =SUM(I8:I8) -> 12500
B10: 2. MATERIALES
A11: Código | B11: DESCRIPCION | D11: UND | E11: PRECIO UNIT. | F11: % DESP. | G11: CANTIDAD | H11: VR. UNITARIO
B12: Piedra tunguragua o similar Beige | D12: m2 | E12: 150000 | G12: 1 | H12: =IFERROR(E12*G12*(1+F12), "") -> 150000
B13: pegante para piedra tipo exterior | D13: kg | E13: 12500 | G13: 6 | H13: =IFERROR(E13*G13*(1+F13), "") -> 75000
I14: SUBTOTAL $ | J14: =SUM(H12:H13) -> 225000
B15: 3, TRANSPORTE
A16: Código | B16: MATERIAL | D16: UND | E16: CANTIDAD | F16: DIST. KM | G16: TARIFA | H16: VR. UNITARIO
B18: TRANPORTE | D18: M2 | E18: 1 | F18: 5 | G18: 500 | H18: =+G18*F18*E18 -> 2500
I21: SUBTOTAL $ | J21: =+H20+H19+H18 -> 2500
B22: 4. MANO DE OBRA
A23: Código | B23: TRABAJADOR | D23: CANTIDAD | E23: JORNAL | F23: PRESTAC. | G23: JORN. TOTAL | H23: RENDIMNTO | I23: VR. UNIT.
A25: L | B25: =+'3.1 PUERTAS'!B31:C31 -> CUADRILLA "DD" (Carpinterias) | D25: 1 | E25: =+'3.1 PUERTAS'!E31 -> 53446.38 | F25: 1.84 | G25: =D25*E25*F25 -> 98341.34 | H25: 3 | I25: =+G25/H25 -> 32780.45
A26: AL
I27: SUBTOTAL $ | J27: =SUM(I24:I26) -> 32780.45
G29: COSTOS DIRECTOS $ | J29: =SUM(J9:J27) -> 272780.45
B34: Elaboro | C34: Ing. Lina Mejia Ramos
C35: CPS INFRAESTRUCTURA
B39: Aprobo | C39: Sandra Renoga Tellez
C40: Secretario de Planeación e Infraestructura

Sheet 3.8 POLARIZADOS
A1: ANALISIS DE PRECIOS UNITARIOS
A2: =+PTTO!A1 -> CONSTRUCCIÓN DE OBRAS COMPLEMENTARIAS PARA LA PUESTA EN FUNCIONAMIENTO DE LA SEDE ADMINISTRATIVA DE LA SECRETARÍA DE TRÁNSITO Y TRANSPORTE DEL MUNICIPIO DE SAN MARTÍN, CESAR
A3: =+PTTO!B14 -> Carpinteria Metalica y de madera
A4: Item: | B4: =+PTTO!B22 -> Pelicula de seguridad y polarizado vidrios | I4: Unidad: | J4: =+PTTO!C22 -> m2
A5: =+PTTO!A22 -> 3.8
B6: 1. EQUIPO
A7: Código | B7: DESCRIPCION | D7: TIPO | E7: TARIFA H/D | F7: UND | G7: CANTIDAD | H7: RENDIMNTO | I7: VR. UNITARIO
A8: E1 | B8: Herramienta menor | D8: Manual | E8: 100000 | F8: DD | G8: 1 | H8: 8 | I8: =IFERROR(E8*G8/H8, "") -> 12500
I9: SUBTOTAL $ | J9: =SUM(I8:I8) -> 12500
B10: 2. MATERIALES
A11: Código | B11: DESCRIPCION | D11: UND | E11: PRECIO UNIT. | F11: % DESP. | G11: CANTIDAD | H11: VR. UNITARIO
B12: POLARIZADO | D12: m2 | E12: 55000 | G12: 1 | H12: =IFERROR(E12*G12*(1+F12), "") -> 55000
I14: SUBTOTAL $ | J14: =SUM(H12:H13) -> 55000
B15: 3, TRANSPORTE
A16: Código | B16: MATERIAL | D16: UND | E16: CANTIDAD | F16: DIST. KM | G16: TARIFA | H16: VR. UNITARIO
B18: TRANPORTE | D18: M2 | E18: 1 | F18: 5 | G18: 500 | H18: =+G18*F18*E18 -> 2500
I21: SUBTOTAL $ | J21: =+H20+H19+H18 -> 2500
B22: 4. MANO DE OBRA
A23: Código | B23: TRABAJADOR | D23: CANTIDAD | E23: JORNAL | F23: PRESTAC. | G23: JORN. TOTAL | H23: RENDIMNTO | I23: VR. UNIT.
A25: L | B25: =+'3.1 PUERTAS'!B31:C31 -> CUADRILLA "DD" (Carpinterias) | D25: 1 | E25: =+'3.1 PUERTAS'!E31 -> 53446.38 | F25: 1.84 | G25: =D25*E25*F25 -> 98341.34 | H25: 4 | I25: =+G25/H25 -> 24585.34
A26: AL
I27: SUBTOTAL $ | J27: =SUM(I24:I26) -> 24585.34
G29: COSTOS DIRECTOS $ | J29: =SUM(J9:J27) -> 94585.34
B34: Elaboro | C34: Ing. Lina Mejia Ramos
C35: CPS INFRAESTRUCTURA
B39: Aprobo | C39: Sandra Renoga Tellez
C40: Secretario de Planeación e Infraestructura

Sheet 3.9 MULTIPERFORADOS
A1: ANALISIS DE PRECIOS UNITARIOS
A2: =+PTTO!A1 -> CONSTRUCCIÓN DE OBRAS COMPLEMENTARIAS PARA LA PUESTA EN FUNCIONAMIENTO DE LA SEDE ADMINISTRATIVA DE LA SECRETARÍA DE TRÁNSITO Y TRANSPORTE DEL MUNICIPIO DE SAN MARTÍN, CESAR
A3: =+PTTO!B14 -> Carpinteria Metalica y de madera
A4: Item: | B4: =+PTTO!B23 -> Pelicula multiperforada logo para vidrio acceso con publicidad | I4: Unidad: | J4: =+PTTO!C23 -> m2
A5: =+PTTO!A23 -> 3.9
B6: 1. EQUIPO
A7: Código | B7: DESCRIPCION | D7: TIPO | E7: TARIFA H/D | F7: UND | G7: CANTIDAD | H7: RENDIMNTO | I7: VR. UNITARIO
A8: E1 | B8: Herramienta menor | D8: Manual | E8: 100000 | F8: DD | G8: 1 | H8: 8 | I8: =IFERROR(E8*G8/H8, "") -> 12500
I9: SUBTOTAL $ | J9: =SUM(I8:I8) -> 12500
B10: 2. MATERIALES
A11: Código | B11: DESCRIPCION | D11: UND | E11: PRECIO UNIT. | F11: % DESP. | G11: CANTIDAD | H11: VR. UNITARIO
B12: MULTIPORFEORADO | D12: m2 | E12: 65000 | G12: 1 | H12: =IFERROR(E12*G12*(1+F12), "") -> 65000
I14: SUBTOTAL $ | J14: =SUM(H12:H13) -> 65000
B15: 3, TRANSPORTE
A16: Código | B16: MATERIAL | D16: UND | E16: CANTIDAD | F16: DIST. KM | G16: TARIFA | H16: VR. UNITARIO
B18: TRANPORTE | D18: M2 | E18: 1 | F18: 5 | G18: 500 | H18: =+G18*F18*E18 -> 2500
I21: SUBTOTAL $ | J21: =+H20+H19+H18 -> 2500
B22: 4. MANO DE OBRA
A23: Código | B23: TRABAJADOR | D23: CANTIDAD | E23: JORNAL | F23: PRESTAC. | G23: JORN. TOTAL | H23: RENDIMNTO | I23: VR. UNIT.
A25: L | B25: =+'3.1 PUERTAS'!B31:C31 -> CUADRILLA "DD" (Carpinterias) | D25: 1 | E25: =+'3.1 PUERTAS'!E31 -> 53446.38 | F25: 1.84 | G25: =D25*E25*F25 -> 98341.34 | H25: 6 | I25: =+G25/H25 -> 16390.22
A26: AL
I27: SUBTOTAL $ | J27: =SUM(I24:I26) -> 16390.22
G29: COSTOS DIRECTOS $ | J29: =SUM(J9:J27) -> 96390.22
B34: Elaboro | C34: Ing. Lina Mejia Ramos
C35: CPS INFRAESTRUCTURA
B39: Aprobo | C39: Sandra Renoga Tellez
C40: Secretario de Planeación e Infraestructura

Sheet 3.10 LETRERO
A1: ANALISIS DE PRECIOS UNITARIOS
A2: =+PTTO!A1 -> CONSTRUCCIÓN DE OBRAS COMPLEMENTARIAS PARA LA PUESTA EN FUNCIONAMIENTO DE LA SEDE ADMINISTRATIVA DE LA SECRETARÍA DE TRÁNSITO Y TRANSPORTE DEL MUNICIPIO DE SAN MARTÍN, CESAR
A3: =+PTTO!B14 -> Carpinteria Metalica y de madera
A4: Item: | B4: =+PTTO!B24 -> Letrero en 3d acero h: 0,26 | I4: Unidad: | J4: =+PTTO!C24 -> letra
A5: =+PTTO!A24 -> 3.10
B6: 1. EQUIPO
A7: Código | B7: DESCRIPCION | D7: TIPO | E7: TARIFA H/D | F7: UND | G7: CANTIDAD | H7: RENDIMNTO | I7: VR. UNITARIO
A8: E1 | B8: Herramienta menor | D8: Manual | E8: 100000 | F8: DD | G8: 1 | H8: 8 | I8: =IFERROR(E8*G8/H8, "") -> 12500
I9: SUBTOTAL $ | J9: =SUM(I8:I8) -> 12500
B10: 2. MATERIALES
A11: Código | B11: DESCRIPCION | D11: UND | E11: PRECIO UNIT. | F11: % DESP. | G11: CANTIDAD | H11: VR. UNITARIO
B12: LETRAS EN ACRILICO ALTURA 20 CM | D12: UND | E12: 89000 | G12: 1 | H12: =IFERROR(E12*G12*(1+F12), "") -> 89000
I14: SUBTOTAL $ | J14: =SUM(H12:H13) -> 89000
B15: 3, TRANSPORTE
A16: Código | B16: MATERIAL | D16: UND | E16: CANTIDAD | F16: DIST. KM | G16: TARIFA | H16: VR. UNITARIO
B18: TRANPORTE | D18: M2 | E18: 1 | F18: 5 | G18: 500 | H18: =+G18*F18*E18 -> 2500
I21: SUBTOTAL $ | J21: =+H20+H19+H18 -> 2500
B22: 4. MANO DE OBRA
A23: Código | B23: TRABAJADOR | D23: CANTIDAD | E23: JORNAL | F23: PRESTAC. | G23: JORN. TOTAL | H23: RENDIMNTO | I23: VR. UNIT.
A25: L | B25: =+'3.1 PUERTAS'!B31:C31 -> CUADRILLA "DD" (Carpinterias) | D25: 1 | E25: =+'3.1 PUERTAS'!E31 -> 53446.38 | F25: 1.84 | G25: =D25*E25*F25 -> 98341.34 | H25: 4 | I25: =+G25/H25 -> 24585.34
A26: AL
I27: SUBTOTAL $ | J27: =SUM(I24:I26) -> 24585.34
G29: COSTOS DIRECTOS $ | J29: =SUM(J9:J27) -> 128585.34
B34: Elaboro | C34: Ing. Lina Mejia Ramos
C35: CPS INFRAESTRUCTURA
B39: Aprobo | C39: Sandra Renoga Tellez
C40: Secretario de Planeación e Infraestructura
